 Dungeon Crawl Stone Soup version 0.26-a0-64-g059e62fbdb (webtiles) character file.

Game seed: 10555751722933934275

13396296 Hasart the Annihilator (level 27, 288/288 HPs)
             Began as a Demonspawn Venom Mage on June 8, 2020.
             Was the Champion of Sif Muna.
             Escaped with the Orb
             ... and 15 runes on June 10, 2020!
             The game lasted 12:31:28 (125196 turns).

Hasart the Annihilator (Demonspawn Venom Mage)    Turns: 125196, Time: 12:31:29

Health: 288/288    AC: 28    Str: 11    XL:     27
Magic:  58/59      EV: 36    Int: 35    God:    Sif Muna [******]
Gold:   21311      SH: 33    Dex: 24    Spells: 4/80 levels left

rFire    + + +     SeeInvis +   e - +3 Elemental Staff {rElec rF++ rC++ MR++ AC+5}
rCold    + + +     Gourm    .   T - +8 tower shield {reflect}
rNeg     . . .     Faith    .   P - +4 moon troll leather armour {Spirit, Regen++ MP+5}
rPois    +         Spirit   +   (helmet unavailable)
rElec    +         Reflect  +   F - scarf {rC+ rF+}
rCorr    +         Harm     .   N - +0 pair of fencer's gloves {Riposte Dex+3}
MR       +++++                  K - +1 pair of boots of Ifienoat {+Fly Regen+ Dex+2}
Stlth    ++++......             R - amulet of Vitality {Regen+ HP+15}
HPRegen  2.18/turn              r - ring "Zierueh" {+Inv rElec Int+6 Dex+4}
MPRegen  0.72/turn              V - ring of the Mage {Wiz MR++ Int+3}

@: studying 2 skills
A: antennae 3, yellow scales 3, blink, demonic guardian 3, poison resistance,
robust 1, shaggy fur 1, wild magic 1, augmentation 3, magic shield, magic
regeneration, magic link
0: Orb of Zot
}: 15/15 runes: decaying, slimy, silver, golden, iron, obsidian, icy, bone,
abyssal, demonic, glowing, magical, fiery, dark, gossamer
a: Blink, Channel Magic, Forget Spell, Divine Exegesis, Renounce Religion, Evoke
Invisibility, Evoke Flight


You escaped.
You worshipped Sif Muna.
Sif Muna was exalted by your worship.
You were full.

You visited 18 branches of the dungeon, and saw 90 of its levels.
You visited Pandemonium 4 times, and saw 17 of its levels.
You visited the Abyss 8 times.
You completed 4 ziggurats, and saw 108 of their levels.
You also visited: Trove, Sewer, Gauntlet, Ice Cave, Volcano and Desolation.

You collected 23112 gold pieces.
You spent 1801 gold pieces at shops.

Inventory:

Hand Weapons
 e - the +3 Elemental Staff (weapon) {rElec rF++ rC++ MR++ AC+5}
   (You acquired it on level 8 of a ziggurat)

   It affects your AC (+5).
   It greatly protects you from fire.
   It greatly protects you from cold.
   It insulates you from electricity.
   It affects your resistance to hostile enchantments.
 k - the +8 autumn katana {vorpal, Clar}
   (You found it on level 7 of Gehenna)

   It inflicts extra damage upon your enemies.
   It protects you against confusion.
 x - the +10 morningstar "Eos" {elec, Halo rElec}
   (You found it on level 4 of a ziggurat)

   Occasionally, upon striking a foe, it will discharge some electrical energy
   and cause terrible harm.
   It insulates you from electricity.
 z - the +0 staff of Battle
   (You found it on level 14 of a ziggurat)
Armour
 A - the +1 pair of gloves "Guphisk" {+Fly rElec rF+ MR-}
   (You found it on level 23 of a ziggurat)

   It protects you from fire.
   It insulates you from electricity.
   It affects your resistance to hostile enchantments.
   It lets you fly.
 C - a +0 kite shield of resistance
 F - a scarf of resistance (worn)
 K - the +1 pair of boots of Ifienoat (worn) {+Fly Regen+ Dex+2}
   (You found it on level 8 of the Dungeon)

   It affects your dexterity (+2).
   It lets you fly.
   It increases your rate of regeneration.
 N - the +0 pair of fencer's gloves (worn) {Riposte Dex+3}
   (You acquired it on level 17 of a ziggurat)

   It affects your dexterity (+3).
 P - the +4 moon troll leather armour (worn) {Spirit, Regen++ MP+5}
   (You found it on level 19 of a ziggurat)

   It affects your magic capacity (+5).
   It increases your rate of regeneration.
 T - a +8 tower shield of reflection (worn)
Magical Staves
 H - an uncursed staff of energy
Jewellery
 b - the ring "Okkabish" {rPois Dex+4 Stlth-}
   (You found it on level 11 of a ziggurat)

   [ring of attention]

   It affects your dexterity (+4).
   It protects you from poison.
   It makes you less stealthy.
 r - the ring "Zierueh" (left hand) {+Inv rElec Int+6 Dex+4}
   (You found it on level 21 of a ziggurat)

   [ring of intelligence]

   It affects your intelligence (+6).
   It affects your dexterity (+4).
   It insulates you from electricity.
   It lets you turn invisible.
 E - the cursed ring of Cheibriados's Hope {+Inv rC+ Str-4 Slay-4 SInv}
   (You took it off a gelid demonspawn in Pandemonium)

   [ring of slaying]

   It affects your strength (-4).
   It affects your accuracy and damage with ranged weapons and melee attacks
   (-4).
   It protects you from cold.
   It lets you see invisible.
   It lets you turn invisible.
   It has a curse placed upon it.
 I - the ring of Shadows {Umbra +Inv Stlth+}
   (You found it on level 9 of a ziggurat)

   [ring of stealth]

   It lets you turn invisible.
   It makes you more stealthy.
 L - the macabre finger necklace {rN+}
   (You found it on level 5 of the Pits of Slime)

   [amulet of nothing]

   It protects you from negative energy.
 R - the amulet of Vitality (around neck) {Regen+ HP+15}
   (You found it on level 7 of the Iron City of Dis)

   [amulet of regeneration]

   It affects your health (+15).
   It increases your rate of regeneration.
 U - an uncursed ring of fire
 V - the ring of the Mage (right hand) {Wiz MR++ Int+3}
   (You found it on level 9 of a ziggurat)

   [ring of wizardry]

   It improves your spell success rate.
   It affects your intelligence (+3).
   It affects your resistance to hostile enchantments.
 W - the brooch of Shielding {Spirit SH+8}
   (You found it on level 20 of a ziggurat)

   [amulet of guardian spirit]

   It causes incoming damage to be split between your health and magic.
   It affects your SH (+8).
 X - an uncursed ring of fire
Wands
 a - a wand of digging (49)
 w - a wand of acid (98)
 y - a wand of iceblast (84)
 Q - a wand of clouds (18)
Scrolls
 f - 105 scrolls of teleportation
 h - 91 scrolls of remove curse
 m - 60 scrolls of fog
 n - 9 scrolls of identify
 o - 4 scrolls of summoning
 D - 34 scrolls of blinking
 G - 5 scrolls of amnesia
 J - 5 scrolls of fear
 O - 34 scrolls of enchant armour
 S - 20 scrolls of magic mapping
Potions
 d - 5 potions of ambrosia
 g - 6 potions of resistance
 i - 25 potions of flight
 j - 6 potions of experience
 l - 56 potions of mutation
 q - 10 potions of invisibility
 s - 7 potions of magic
 t - 41 potions of haste
 u - 7 potions of cancellation
 v - 30 potions of curing
 B - 14 potions of heal wounds
Books
 M - a manual of Maces & Flails
 Y - a manual of Bows
Miscellaneous
 p - 54 phantom mirrors
 Z - 2 +4 figurines of a ziggurat
Comestibles
 c - 110 rations


   Skills:
 O Level 27 Fighting
 - Level 15.0 Long Blades
 - Level 0.6(7.7) Maces & Flails
 - Level 11.9(12.0) Staves
 + Level 25.9 Throwing
 O Level 27 Armour
 O Level 27 Dodging
 O Level 27 Stealth
 O Level 27 Shields
 - Level 0.5 Unarmed Combat
 O Level 27 Spellcasting
 O Level 27 Conjurations
 - Level 15.0 Charms
 - Level 21.0 Necromancy
 - Level 20.0 Translocations
 - Level 19.0 Transmutations
 O Level 27 Fire Magic
 O Level 27 Ice Magic
 O Level 27 Air Magic
 O Level 27 Earth Magic
   Level 12.0 Poison Magic
 O Level 27 Invocations
 - Level 20.0 Evocations


You had 4 spell levels left.
You knew the following spells:

 Your Spells              Type           Power        Failure   Level  Hunger
a - Absolute Zero         Ice            ##########   1%          9    ##.....
b - Controlled Blink      Tloc           N/A          1%          8    None
c - Shatter               Erth           ##########   1%          9    ##.....
d - Ozocubu's Refrigerat  Ice            ##########   1%          6    None
e - Tornado               Air            ##########   1%          9    ##.....
f - Infestation           Necr           #########.   1%          8    None
g - Fire Storm            Conj/Fire      ##########   1%          9    ##.....
q - Swiftness             Chrm/Air       ########     1%          2    None
w - Necromutation         Tmut/Necr      #########.   1%          8    None
x - Ignition              Fire           ##########   1%          8    None

Your spell library contained the following spells:

 Spells                   Type           Power        Failure   Level  Hunger
 Animate Skeleton         Necr           N/A          1%          1    None
 Apportation              Tloc           ######       1%          1    None
 Beastly Appendage        Tmut           ######       1%          1    None
 Corona                   Hex            #######      1%          1    None
 Foxfire                  Conj/Fire      ####         1%          1    None
 Freeze                   Ice            ####         1%          1    None
 Infusion                 Chrm           ####         1%          1    None
 Magic Dart               Conj           ####         1%          1    None
 Pain                     Necr           ####         1%          1    None
 Sandblast                Erth           ######       1%          1    None
 Shock                    Conj/Air       ####         1%          1    None
 Sting                    Tmut/Pois      ####         1%          1    None
 Summon Butterflies       Summ           #######.     1%          1    None
 Summon Small Mammal      Summ           ####         1%          1    None
 Blink                    Tloc           N/A          1%          2    None
 Call Imp                 Summ           #######.     1%          2    None
 Corpse Rot               Necr/Air       N/A          1%          2    None
 Ensorcelled Hibernation  Hex/Ice        ######       1%          2    None
 Passwall                 Tmut/Erth      ########     1%          2    None
 Poisonous Vapours        Pois/Air       ######       1%          2    None
 Searing Ray              Conj           ######       1%          2    None
 Shroud of Golubria       Chrm/Tloc      ######       1%          2    None
 Slow                     Hex            #######.     1%          2    None
 Song of Slaying          Chrm           ########     1%          2    None
 Sticks to Snakes         Tmut           ########     1%          2    None
 Sublimation of Blood     Necr           #########.   1%          2    None
 Call Canine Familiar     Summ           #######.     1%          3    None
 Confusing Touch          Hex            #######.     1%          3    None
 Conjure Flame            Conj/Fire      ########     1%          3    None
 Dazzling Flash           Conj/Hex       ######       1%          3    None
 Frozen Ramparts          Ice            ######       1%          3    None
 Gell's Gravitas          Tloc           #########.   1%          3    None
 Ignite Poison            Fire/Tmut/Pois ########     1%          3    None
 Inner Flame              Hex/Fire       ########     1%          3    None
 Lesser Beckoning         Tloc           #########.   1%          3    None
 Mephitic Cloud           Conj/Pois/Air  ########     1%          3    None
 Ozocubu's Armour         Chrm/Ice       ########     1%          3    None
 Portal Projectile        Hex/Tloc       ######       1%          3    None
 Recall                   Summ/Tloc      N/A          1%          3    None
 Spectral Weapon          Hex/Chrm       ########     1%          3    None
 Spider Form              Tmut/Pois      #########.   1%          3    None
 Static Discharge         Conj/Air       ########     1%          3    None
 Stone Arrow              Conj/Erth      ######       1%          3    None
 Summon Guardian Golem    Hex/Summ       #######.     1%          3    None
 Teleport Other           Tloc           ########     1%          3    None
 Tukima's Dance           Hex            #######.     1%          3    None
 Vampiric Draining        Necr           #########.   1%          3    None
 Airstrike                Air            ##########   1%          4    None
 Animate Dead             Necr           N/A          1%          4    None
 Dispel Undead            Necr           ########     1%          4    None
 Fulminant Prism          Conj/Hex       #########.   1%          4    None
 Hailstorm                Conj/Ice       ########     1%          4    None
 Ice Form                 Ice/Tmut       ########     1%          4    None
 Iskenderun's Mystic Bla  Conj/Tloc      ########     1%          4    None
 Leda's Liquefaction      Hex/Erth       #########.   1%          4    None
 Olgreb's Toxic Radiance  Pois           ########     1%          4    None
 Petrify                  Tmut/Erth      ########     1%          4    None
 Sticky Flame             Conj/Fire      ########     1%          4    None
 Summon Ice Beast         Ice/Summ       ########     1%          4    None
 Summon Lightning Spire   Summ/Air       ########     1%          4    None
 Cause Fear               Hex            #######...   3%          4    None
 Agony                    Necr           ########     1%          5    None
 Alistair's Intoxication  Tmut/Pois      ########     1%          5    None
 Blade Hands              Tmut           #########.   1%          5    None
 Bolt of Magma            Conj/Fire/Erth ##########   1%          5    None
 Borgnjor's Vile Clutch   Necr/Erth      ##########   1%          5    None
 Excruciating Wounds      Chrm/Necr      #########.   1%          5    None
 Fireball                 Conj/Fire      ##########   1%          5    None
 Irradiate                Conj/Tmut      #########.   1%          5    None
 Iskenderun's Battlesphe  Conj/Chrm      ########     1%          5    None
 Lee's Rapid Deconstruct  Erth           ##########   1%          5    None
 Lightning Bolt           Conj/Air       ##########   1%          5    None
 Metabolic Englaciation   Hex/Ice        #########.   1%          5    None
 Silence                  Hex/Air        #########.   1%          5    None
 Summon Forest            Summ/Tloc      ########..   1%          5    None
 Yara's Violent Unravell  Hex/Tmut       ########..   1%          5    None
 Conjure Ball Lightning   Conj/Air       ##########   1%          6    None
 Death Channel            Necr           #########.   1%          6    None
 Dispersal                Tloc           #########.   1%          6    None
 Eringya's Noxious Bog    Tmut/Pois      #########.   1%          6    None
 Freezing Cloud           Conj/Ice/Air   ##########   1%          6    None
 Hydra Form               Tmut           #########.   1%          6    None
 Iron Shot                Conj/Erth      ##########   1%          6    None
 Simulacrum               Ice/Necr       ##########   1%          6    None
 Starburst                Conj/Fire      ##########   1%          6    None
 Statue Form              Tmut/Erth      #########    1%          6    None
 Dragon Form              Tmut           #########.   1%          7    None
 Orb of Destruction       Conj           #########.   1%          7    None
 Ring of Flames           Chrm/Fire      ##########   1%          7    None
 Spellforged Servitor     Conj/Summ      #########.   1%          7    None
 Borgnjor's Revivificati  Necr           #########.   1%          8    None
 Chain Lightning          Conj/Air       ##########   1%          8    None
 Death's Door             Chrm/Necr      #########.   1%          8    None
 Disjunction              Tloc           #########.   1%          8    None
 Lehudib's Crystal Spear  Conj/Erth      ##########   1%          8    None
 Haunt                    Necr/Summ      ########..   3%          7    None
 Malign Gateway           Summ/Tloc      ########..   4%          7    None
 Aura of Abjuration       Summ           #######...   8%          5    None
 Summon Demon             Summ           #######...   8%          5    None
 Summon Mana Viper        Hex/Summ       #######.     8%          5    None
 Darkness                 Hex            #######...   34%         6    None
 Invisibility             Hex            #######.     34%         6    None
 Shadow Creatures         Summ           N/A          34%         6    None
 Monstrous Menagerie      Summ           #######...   86%         7    None
 Summon Greater Demon     Summ           #######...   86%         7    None
 Summon Hydra             Summ           #######...   86%         7    None
 Discord                  Hex            #######...   100%        8    None
 Summon Horrible Things   Summ           #######...   100%        8    None
 Dragon's Call            Summ           #######...   100%        9    ##.....
 Passage of Golubria      Tloc           Unusable     N/A         4    N/A

Dungeon Overview and Level Annotations

Branches:
Dungeon (15/15)            Temple (1/1) D:4            Lair (6/6) D:9
  Swamp (4/4) Lair:4       Spider (4/4) Lair:2        Slime (5/5) Lair:6
    Orc (2/2) D:10            Elf (3/3) Orc:2        Vaults (5/5) D:14
  Crypt (3/3) Vaults:2       Tomb (3/3) Crypt:3      Depths (5/5) D:15
   Hell (visited)             Dis (7/7) Hell            Geh (7/7) Hell
    Coc (7/7) Hell            Tar (7/7) Hell            Zot (5/5) Depths:5
  Sewer (visited)           IceCv (visited)         Volcano (visited)
Desolation (visited)      Gauntlet (visited)

Altars:
Ashenzari
Cheibriados
Dithmenos
Elyvilon
Fedhas
Gozag
Hepliaklqana
Kikubaaqudgha
Makhleb
Nemelex Xobeh
Okawaru
Qazlal
Ru
Sif Muna
Trog
Uskayaw
Vehumet
Wu Jian
Xom
Yredelemnul
Zin
The Shining One
Beogh
Jiyva

Shops:
D:11 *   Orc:1 =   Orc:2 !?:[(   Vaults:2 *   Vaults:3 [   Depths:1 *
Depths:3 }}=

Portals:
Hell: Depths:1 Depths:2 Depths:3 Depths:4 Depths:5
Abyss: Depths:4 Depths:5
Pandemonium: Depths:1 Depths:2 Depths:3 Depths:4 Depths:5

Annotations:
D:3 1 runed translucent door, Crazy Yiuf
Zot:3 3 runed translucent doors, Afekh's ghost, master TrAr; Etzokumu's ghost, adept DDFi


Innate Abilities, Weirdness & Mutations

You have a pair of large antennae on your head. (SInv)
You are completely covered in yellow scales. (AC +4, rCorr)
A powerful demonic guardian rushes to your aid.
Your magical and physical power is greatly enhanced at high health.
When hurt, damage is shared between your health and your magic reserves.
You regenerate magic rapidly.
When low on magic, you restore magic in place of health.
You can translocate small distances at will.
Your system is resistant to poisons. (rPois)
You are robust. (+10% HP)
You are covered in fur. (AC +1)
Your spells are a little harder to cast, but a little more powerful.


Message History

You kill the sixfirhy!
Sif Muna accepts your kill.
Unknown command.
Casting: Absolute Zero (mildly dangerous; 1% risk of failure)
Confirm with . or Enter, or press ? or * to list all spells.
You feel a surge of power!
You chill the cacodemon to absolute zero!
The cacodemon is frozen into a solid block of ice!
You kill the cacodemon!
Sif Muna accepts your kill.
Unknown command.
(D) Dungeon (T) Temple (L) Lair (S) Swamp (N) Spider Nest (M) Slime Pits (O) Orcish Mines (E) Elven Halls (V) Vaults (C) Crypt (W) Tomb (U) Depths (H) Hell (I) Dis (G) Gehenna (X) Cocytus (Y) Tartarus (Z) Zot
Where to? (Enter - D:1 @ (x,y), ? - help)
There is a large open door here.
There is a staircase leading out of the dungeon here.
You have escaped!

#..........# ##.#
#..........### #.#
#............# #.#
####.###.....###########.#
#.# #.....#........#..# #.#
#######...##...'..#
######.#########........'..#
....##.........#...(....#..#
###.##########.#@.......#..#
#.# #.#........#.## #.#
#.#........+.#
#÷##########.#...##...+.#
#.##.........#........#.#
#.###.###################
#.# #.# #.# #.# #.# #.#


There were no monsters in sight!

Vanquished Creatures
  126 pandemonium lords
  Cerebov (Pan)
  Asmodeus (Geh:7)
  the Royal Jelly (Slime:5)
  Antaeus (Coc:7)
  The ghost of Hasart the Archmage, a legendary DsWz of Vehumet (Zig:21)
  Ereshkigal (Tar:7)
  The ghost of Piash the Metallomancer, a master OgEE of Gozag (Zig:21)
  Gloorx Vloq (Pan)
  Lom Lobon (Pan)
  the Serpent of Hell (Geh:7)
  The ghost of Woaleodu the Middleweight Champion, a legendary MiBe of Vehumet (Zig:21)
  Mnoleg (Pan)
  The ghost of Lonang the Archmage, a legendary DESu of Vehumet (Zig:21)
  3 orbs of fire (Zot:5)
  The ghost of Riogip the Archmage, a legendary DEFE of Vehumet (Zig:21)
  Khufu (Tomb:1)
  Dispater (Dis:7)
  10 juggernauts
  Mennas (Pan)
  24 ancient liches
  The ghost of MagicUser the Executioner, a legendary FoFi of Okawaru (Zig:21)
  The ghost of Miebb the Executioner, a legendary FoFi of Okawaru (Zig:21)
  Boris (5 times) (Vaults:3 Crypt:1 Crypt:2 Tomb:3 Zot:2)
  67 greater mummies
  The ghost of Tion the Impregnable, a legendary GrFi of the Shining One (Zig:21)
  Sojobo (Depths:1)
  The ghost of Xoveah the Impregnable, a master TeAs of Gozag (Zig:21)
  34 shard shrikes
  Margery (Depths:4)
  52 Killer Klowns
  Saint Roka (Depths:4)
  Bai Suzhen (Vaults:3)
  A caustic shrike (shapeshifter) (Zig:22)
  5 curse toes
  Geryon (Hell)
  Nikola (Swamp:2)
  6 caustic shrikes
  6 profane servitors
  23 bone dragons
  18 golden dragons
  20 pearl dragons
  2 electric golems
  40 liches
  56 Brimstone Fiends
  2 hellephants
  32 iron giants
  51 Tzitzimimeh
  5 doom hounds
  30 tentacled monstrosities
  25 Orb Guardians
  Jorgrun (Swamp:1)
  72 Ice Fiends
  85 Hell Sentinels
  Asterion (Vaults:3)
  20 quicksilver dragons
  7 quicksilver dragons (shapeshifter)
  7 titans
  50 deep elf master archers
  51 deep elf blademasters
  29 sphinxes
  129 acid blobs
  7 death cobs
  79 Executioners
  Agnes (Spider:4)
  13 shadow dragons
  18 tentacled starspawn
  5 sphinxes (shapeshifter)
  42 ancient champions
  10 thorn hunters
  Kirke (D:14)
  Donald (Orc:2)
  14 tengu reavers
  13 storm dragons
  45 nagarajas
  4 shadow dragons (shapeshifter)
  36 revenants
  4 azure jellies (shapeshifter)
  24 draconian monks
  17 fire giants
  5 frost giants (shapeshifter)
  14 daevas
  62 azure jellies
  26 iron dragons
  5 fire giants (shapeshifter)
  26 draconian scorchers
  65 corrupters
  3 iron dragons (shapeshifter)
  14 juggernaut zombies
  29 frost giants
  An emperor scorpion (shapeshifter) (Depths:2)
  56 ghost moths
  64 cacodemons
  Louise (D:15)
  24 vault wardens
  Aizul (Swamp:3)
  45 draconian knights
  34 emperor scorpions
  14 deep elf sorcerers
  60 warmongers
  17 draconian shifters
  20 angels
  28 curse skulls
  75 balrugs
  8 deep elf elementalists
  A ghost moth (shapeshifter) (Zig:21)
  76 orc warlords
  126 reapers
  11 caustic shrike zombies
  14 ghouls
  29 draconian annihilators
  27 draconian stormcallers
  18 ironheart preservers
  4 spriggan defenders
  3 stone giants (shapeshifter)
  59 war gargoyles
  2 entropy weavers (shapeshifter)
  3 caustic shrike skeletons
  35 blood saints
  4 juggernaut skeletons
  49 entropy weavers
  4 elemental wellsprings
  53 very ugly things
  10 ophanim
  77 stone giants
  A minotaur (Gauntlet)
  16 black draconians
  15 white draconians
  29 vampire knights
  24 green draconians
  41 black suns
  20 yellow draconians
  44 deep elf annihilators
  12 purple draconians
  13 bennus
  58 deep elf demonologists
  A dire elephant (Lair:3)
  36 lorocyprocas
  9 spark wasps
  4 dire elephants (shapeshifter)
  14 apis
  13 red draconians
  A spark wasp (shapeshifter) (Zig:16)
  A purple draconian (shapeshifter) (Zig:21)
  2 minotaurs (shapeshifter)
  22 eidola
  An ettin (shapeshifter) (Zig:13)
  18 merfolk javelineers
  72 blizzard demons
  Snorg (Orc:1)
  52 green deaths
  12 crystal guardians
  A great orb of eyes (shapeshifter) (Zig:22)
  5 quicksilver dragon zombies
  25 death oozes
  14 deep elf death magi
  10 ettins
  56 deep elf high priests
  68 mummy priests
  A ragged hierophant (Desolation)
  10 merfolk impalers
  20 jiangshi
  30 yaktaur captains
  11 fire dragons
  17 hell beasts
  2 spectral krakens (Tar:7)
  Erolcha (D:12)
  17 monstrous demonspawn
  40 ice dragons
  36 great orbs of eyes
  8 rakshasas
  7 quicksilver dragon skeletons
  A kraken zombie (Coc:4)
  13 naga warriors
  A servant of whispers (Desolation)
  42 hydras
  3 catoblepae (shapeshifter)
  A juggernaut simulacrum (Zig:19)
  34 vault guards
  8 anacondas
  A caustic shrike simulacrum (Zig:15)
  5 shambling mangroves
  5 merfolk avatars
  4 anacondas (shapeshifter)
  10 merfolk aquamancers
  4 alligator snapping turtles (shapeshifter)
  5 spriggan air magi
  6 ghost crabs
  56 two-headed ogres
  16 centaur warriors
  2 alligators (shapeshifter)
  A satyr (shapeshifter) (Zig:22)
  8 death knights
  5 tengu warriors
  10 death yaks
  5 alligator snapping turtles
  21 ogre magi
  A deep troll shaman (Depths:3)
  66 orc high priests
  29 vampire magi
  26 hell hogs
  81 dancing weapons
  16 alligators
  A death yak (shapeshifter) (Zig:20)
  28 death scarabs
  5 deep troll earth magi
  2 two-headed ogres (shapeshifter)
  10 satyrs
  16 titan zombies
  A queen ant (shapeshifter) (Zig:21)
  12 shock serpents
  Nergalle (Orc:1)
  103 soul eaters
  10 iron golems
  3 shock serpents (shapeshifter)
  26 naga sharpshooters
  7 spriggan berserkers
  12 storm dragon zombies
  5 holy swine (Pan)
  15 thrashing horrors
  34 hell knights
  59 deep elf knights
  70 sun demons
  22 wretched stars
  Sonja (D:10)
  3 salamander mystics
  23 shadow wraiths
  2 ghost moth zombies
  A fire crab (shapeshifter) (Zig:7)
  165 skeletal warriors
  4 spatial maelstroms
  6 storm dragon skeletons
  19 cherubim
  6 iron trolls (shapeshifter)
  19 titan skeletons
  2 spark wasp zombies
  3 deep trolls (shapeshifter)
  24 iron trolls
  17 golden dragon zombies
  53 sixfirhies
  5 death drakes
  12 sea snakes
  A quicksilver dragon simulacrum (Abyss:1)
  2 glowing orange brains (shapeshifter)
  5 spriggan druids
  14 deep trolls
  2 sea snakes (shapeshifter)
  3 death drakes (shapeshifter)
  8 glowing orange brains
  2 swamp dragons (shapeshifter) (Zig:21)
  9 naga ritualists
  4 unseen horrors
  60 shadow demons
  20 swamp dragons
  30 phantasmal warriors
  17 gelid demonspawn
  21 infernal demonspawn
  8 obsidian statues
  11 anaconda zombies
  39 flayed ghosts
  18 torturous demonspawn
  57 deep elf archers
  9 tengu zombies
  7 wolf spider zombies
  8 golden dragon skeletons
  6 orange crystal statues
  32 orc knights
  14 harpies
  7 wizards
  24 necromancers
  6 anaconda skeletons
  25 ironbrand convokers
  8 sphinx zombies
  An iron giant skeleton (Crypt:2)
  A harpy (shapeshifter) (Zig:13)
  9 iron dragon zombies
  A lindwurm (shapeshifter) (Zig:9)
  13 shadow dragon skeletons
  15 shadow dragon zombies
  7 stone giant zombies
  9 mana vipers
  38 shining eyes
  7 fire giant zombies
  3 tengu skeletons
  63 orb spiders
  6 frost giant zombies
  10 manticores
  2 manticores (shapeshifter)
  3 shining eyes (shapeshifter)
  4 sphinx skeletons
  10 worldbinders
  56 wolf spiders
  51 orc sorcerers
  20 cyclopes
  3 oklob plants
  A salamander (shapeshifter) (D:13)
  183 deep elf magi
  81 moths of wrath
  6 salamanders
  3 cyclopes (shapeshifter)
  3 dire elephant zombies
  3 fire giant skeletons
  6 fauns
  5 frost giant skeletons
  2 wolf spiders (shapeshifter)
  22 elephants
  81 ugly things
  5 merfolk sirens
  29 naga magi
  9 guardian serpents
  80 rust devils
  4 moths of wrath (shapeshifter)
  33 elf zombies
  An eye of devastation (shapeshifter) (Zig:14)
  5 ice statues
  11 iron dragon skeletons
  A shock serpent zombie (Coc:2)
  50 black mambas
  20 eyes of devastation
  29 vault sentinels
  4 centaur zombies
  8 stone giant skeletons
  2 torpor snails (shapeshifter)
  14 water nymphs
  75 smoke demons
  13 spectral swamp worms
  A titan simulacrum (Coc:2)
  11 gargoyles
  38 torpor snails
  An elephant slug zombie (Crypt:2)
  2 dire elephant skeletons
  12 molten gargoyles
  39 apocalypse crabs
  63 orange demons
  A yaktaur zombie (Hell)
  29 spiny frogs
  2 spiny frogs (shapeshifter)
  A storm dragon simulacrum (Zig:12)
  2 shock serpent skeletons
  72 demonic crawlers
  113 tormentors
  17 rime drakes
  A minotaur zombie (Geh:7)
  19 efreet
  11 komodo dragons
  28 hellwings
  A catoblepas zombie (Crypt:3)
  2 kobold demonologists (D:14)
  54 freezing wraiths
  123 guardian mummies
  69 red devils
  3 rime drakes (shapeshifter)
  3 spriggan skeletons
  A green draconian skeleton (Coc:1)
  71 hellions
  21 ancient zymes
  76 yaktaurs
  A golden dragon simulacrum (Zig:19)
  4 harpy zombies
  77 ice devils
  A merfolk (shapeshifter) (Zig:13)
  2 meliai (shapeshifter)
  3 tengu conjurers
  25 trolls
  6 wind drakes
  A polar bear (shapeshifter) (Zig:3)
  5 meliai (Abyss:3)
  28 polar bears
  A queen bee (Abyss:3)
  14 hydra zombies
  4 silent spectres
  3 trolls (shapeshifter)
  2 tyrant leeches (shapeshifter) (Zig:6)
  2 shadow dragon simulacra
  A hornet (shapeshifter) (Zig:26)
  10 tyrant leeches
  A jumping spider (shapeshifter) (Vaults:3)
  80 jumping spiders
  54 merfolk
  3 wind drakes (shapeshifter)
  3 tengu simulacra
  4 hydra skeletons
  6 snapping turtles
  A sphinx simulacrum (Vaults:1)
  7 saltlings
  19 bog bodies
  52 hornets
  3 harpy skeletons (Coc:1)
  30 raiju
  A raiju (shapeshifter) (D:15)
  5 snapping turtles (shapeshifter)
  2 blink frogs (shapeshifter)
  21 spriggan zombies
  10 fire dragon zombies
  2 deep troll zombies (Hell)
  Prince Ribbit (D:6)
  A hippogriff (shapeshifter) (Zig:25)
  16 blink frogs
  A slime creature (shapeshifter) (Zig:11)
  A frost giant simulacrum (Depths:2)
  A meliai zombie (D:14)
  10 alligator zombies
  5 ettin zombies
  3 dream sheep (Lair:5)
  2 dream sheep (shapeshifter)
  228 slime creatures
  202 flying skulls
  6 hippogriffs
  A wind drake zombie (Crypt:1)
  A redback (shapeshifter) (Zig:22)
  4 black mamba zombies
  16 elf skeletons
  6 ice dragon zombies
  36 water elementals
  113 redbacks
  2 tarantellas (shapeshifter)
  8 air elementals
  8 fire dragon skeletons
  21 spriggans
  2 ice dragon skeletons
  43 yaks
  2 vampires
  3 spriggans (shapeshifter)
  46 ushabtiu
  6 fire bats
  66 tarantellas
  17 wyverns
  60 ynoxinuls
  23 shadows
  19 golden eyes
  3 hogs (D:14)
  50 wraiths
  A hog (shapeshifter) (Zig:21)
  4 basilisks
  A black mamba skeleton (Tar:7)
  8 humans (D:14)
  A yak (shapeshifter) (Zig:22)
  8 ettin skeletons
  5 hungry ghosts
  33 fire elementals
  47 neqoxecs
  70 chaos spawn
  A harpy simulacrum (Coc:2)
  A steam dragon (Zig:4)
  44 wargs
  24 vampire mosquitoes
  Menkaure (D:4)
  18 insubstantial wisps
  5 swamp worms (shapeshifter)
  14 swamp worms
  7 acid dragons
  3 acid dragons (shapeshifter)
  A soldier ant (shapeshifter) (Vaults:4)
  8 spatial vortices (Abyss:1)
  19 water moccasins
  An ogre skeleton (Vaults:1)
  2 hydra simulacra (Hell)
  11 nagas (Zig:23)
  2 merfolk skeletons
  7 porcupines
  A porcupine (shapeshifter) (Vaults:4)
  6 floating eyes
  13 spiny frog zombies
  72 hell hounds
  4 snapping turtle zombies
  154 orc warriors
  18 swamp drakes
  3 manticore zombies
  3 torturous demonspawn skeletons
  A floating eye (shapeshifter) (Depths:1)
  24 ice beasts
  16 black bears
  23 necrophages
  116 large abominations
  2 sky beasts
  2 swamp drakes (shapeshifter)
  A black bear (shapeshifter) (D:15)
  61 starcursed masses
  A dream sheep zombie (Crypt:1)
  A swamp dragon zombie (Crypt:1)
  An eye of draining (shapeshifter) (Vaults:1)
  4 spiny frog skeletons
  An alligator simulacrum (Coc:7)
  45 eyes of draining
  93 ogres
  9 phantoms
  40 wolves
  21 boggarts
  38 centaurs
  A tengu (shapeshifter) (Elf:3)
  2 manticore skeletons
  3 snapping turtle skeletons
  A crocodile (shapeshifter) (Vaults:3)
  2 swamp dragon skeletons
  10 crocodiles
  An elf simulacrum (Zig:27)
  4 big kobolds
  12 bullfrogs
  A spiny frog simulacrum (Hell)
  11 earth elementals
  An ogre simulacrum (Vaults:1)
  2 gnoll sergeants
  A wyvern skeleton (D:10)
  2 water moccasin zombies
  A salamander skeleton (Crypt:2)
  32 small abominations
  3 glowing shapeshifter simulacra
  4 scorpions
  A killer bee (shapeshifter) (Zig:21)
  72 wights
  19 killer bees
  A swamp dragon simulacrum (Hell)
  A yak skeleton (Crypt:1)
  2 troll skeletons
  An electric eel (shapeshifter) (Elf:3)
  A vampire bat (Orc:1)
  6 electric eels
  22 crimson imps
  5 hounds
  8 quasits
  5 lava snakes (Volcano)
  A human zombie (Tar:5)
  47 orc priests
  3 human simulacra
  5 jellies
  4 bullfrog skeletons
  4 bullfrog zombies
  A black bear zombie (Crypt:1)
  A gnoll shaman (Zig:16)
  5 centaur skeletons
  62 iron imps
  Ijyb (D:5)
  3 iguanas
  42 orc wizards
  7 hell rats (Hell)
  5 worker ants
  A naga zombie (Geh:7)
  An ogre zombie (Coc:7)
  A naga skeleton (Coc:4)
  A hound skeleton (D:4)
  193 mummies
  Robin (D:2)
  13 gnolls
  21 adders
  A howler monkey skeleton (D:4)
  15 shadow imps
  35 white imps
  9 ufetubi
  6 oozes
  An adder skeleton (D:7)
  An adder zombie (D:10)
  5 worms
  3 dart slugs (D:1)
  10 leopard geckos
  123 orcs
  13 giant cockroaches
  14 goblins
  8 hobgoblins
  21 jackals
  5 quokkas
  3 ball pythons
  19 bats
  A bat (shapeshifter) (Zig:22)
  A dart slug zombie (Crypt:1)
  7 frilled lizards
  A jackal zombie (Crypt:2)
  12 kobolds
  A leopard gecko skeleton (D:4)
  A quokka skeleton (Crypt:2)
  7 rats
  158 blocks of ice
  A bush (Lair:6)
  30 crawling corpses
  84 fire vortices
  10 plants
  14 starspawn tentacles
  9 tentacles
11385 creatures vanquished.

Vanquished Creatures (collateral kills)
  An ancient lich (Zig:16)
  4 greater mummies
  Boris (Vaults:5)
  3 pandemonium lords
  2 Killer Klowns
  2 golden dragons (Zig:17)
  3 profane servitors
  A bone dragon (Zig:15)
  2 Brimstone Fiends (Zig:23)
  An electric golem (Zot:5)
  3 Tzitzimimeh
  A tentacled monstrosity (Zot:4)
  2 Ice Fiends
  An Orb Guardian (Zot:5)
  A quicksilver dragon (Zig:1)
  8 acid blobs
  2 deep elf blademasters
  A tentacled starspawn (Abyss:1)
  2 ancient champions
  A death cob (Zot:1)
  2 Executioners
  3 azure jellies
  3 shadow dragons
  A nagaraja (Zig:23)
  4 draconian knights
  A frost giant (Depths:5)
  4 orc warlords
  An iron dragon (Zig:4)
  A ghost moth (Spider:4)
  2 draconian scorchers
  An emperor scorpion (Zig:12)
  2 juggernaut zombies
  3 cacodemons
  2 warmongers
  3 reapers
  A ghoul (Crypt:1)
  A war gargoyle (Zig:27)
  2 draconian stormcallers (Zig:26)
  A bennu (Zig:27)
  2 very ugly things
  An entropy weaver (Zig:22)
  A corrupter (Zig:24)
  2 apis (Zig:13)
  A deep elf demonologist (Zig:25)
  2 starcursed masses
  2 black suns
  A stone giant (Zig:18)
  2 deep elf annihilators
  2 lorocyprocas
  A red draconian (Zig:18)
  A white draconian (Depths:5)
  An eidolon (Crypt:2)
  A blizzard demon (Zig:21)
  A green death (Pan)
  A deep elf death mage (Elf:1)
  A mummy priest (Tomb:3)
  A jiangshi (Crypt:1)
  A yaktaur captain (Depths:2)
  4 great orbs of eyes
  A monstrous demonspawn (Pan)
  A hydra (Swamp:4)
  A hell beast (Zig:27)
  A centaur warrior (D:13)
  5 dancing weapons
  4 death scarabs
  3 ogre magi
  A deep troll earth mage (Vaults:3)
  2 two-headed ogres (Vaults:4)
  A satyr (shapeshifter) (Vaults:5)
  4 small abominations
  A shock serpent (Zig:23)
  A holy swine (Pan)
  A vampire mage (Zig:16)
  A titan zombie (Zig:15)
  2 hell hogs (Zig:15)
  2 sun demons
  3 hell knights
  2 soul eaters
  A spriggan berserker (Depths:2)
  A titan skeleton (Zig:15)
  3 salamander mystics (Zig:23)
  4 skeletal warriors
  A wretched star (Abyss:3)
  A shadow wraith (Zig:18)
  2 iron trolls (Zig:16)
  A swamp dragon (Swamp:4)
  2 sixfirhies
  A storm dragon skeleton (Zig:14)
  A death drake (Zig:17)
  A shadow demon (Pan)
  A shadow dragon zombie (Hell)
  An ironbrand convoker (Vaults:5)
  An orc knight (Vaults:5)
  A wolf spider (Zig:22)
  4 ugly things
  An iron dragon zombie (Zig:13)
  An orb spider (shapeshifter) (Zig:21)
  7 moths of wrath
  3 slime creatures
  2 salamanders (Zig:23)
  5 deep elf magi
  A salamander (shapeshifter) (Zig:21)
  An elephant (Lair:3)
  An apocalypse crab (Zig:21)
  2 spriggan zombies (Zig:14)
  2 black mambas (Zig:23)
  A guardian serpent (Zig:23)
  2 fire giant skeletons
  A rust devil (Zig:25)
  2 spiny frogs
  A dire elephant skeleton (Coc:6)
  An eye of devastation (Zig:24)
  3 orange demons
  A yaktaur (Vaults:2)
  A hellion (Zig:21)
  A spectral swamp worm (Depths:3)
  A kobold demonologist (Abyss:1)
  5 demonic crawlers
  A tormentor (Coc:4)
  3 guardian mummies
  A red devil (Zig:25)
  A hydra zombie (Abyss:1)
  3 jumping spiders
  2 blink frogs
  2 hornets
  An ettin zombie (Crypt:2)
  A hippogriff (Lair:5)
  4 large abominations
  A dream sheep (Lair:5)
  A saltling (Desolation)
  3 flying skulls
  An ushabti (Zig:27)
  3 ynoxinuls
  An air elemental (Zig:6)
  2 redbacks
  2 tarantellas (Zig:22)
  A water elemental (Zig:2)
  A fire bat (Gauntlet)
  3 neqoxecs (Pan)
  6 fire elementals
  A wyvern (D:8)
  A golden eye (Abyss:1)
  5 chaos spawn
  A hell hound (Dis:2)
  An orc warrior (Vaults:5)
  3 ogres
  A snapping turtle skeleton (Abyss:3)
  An earth elemental (Zig:24)
  A scorpion (D:9)
  2 killer bees (Abyss:3)
  A killer bee (shapeshifter) (Zig:22)
  A wight (Tar:1)
  A crimson imp (D:8)
  A bullfrog zombie (D:13)
  2 iron imps
  2 jellies
  An orc wizard (Orc:1)
  12 mummies
  An ufetubus (Abyss:1)
  An adder zombie (D:9)
  2 orcs
  13 blocks of ice
  2 crawling corpses (Elf:1)
  A lurking horror (Abyss:1)
  A starspawn tentacle (Zig:22)
322 creatures vanquished.

Vanquished Creatures (others)
  A Killer Klown (Zig:13)
  Frederick (Vaults:2)
  A caustic shrike (Depths:2)
  A deep elf master archer (Zig:26)
  A titan (Vaults:5)
  2 eldritch tentacles
  3 fire giants (Depths:3)
  A spriggan defender (Depths:3)
  A deep elf annihilator (Zig:9)
  A lorocyproca (Zig:27)
  A deep elf demonologist (Zig:26)
  A yaktaur captain (Vaults:2)
  A vault guard (Vaults:2)
  3 hell beasts
  A two-headed ogre (Depths:3)
  A hell hog (Abyss:1)
  A thrashing horror (Zig:15)
  12 hell knights
  A skeletal warrior (Coc:7)
  2 necromancers (Depths:3)
  A sphinx zombie (Zig:25)
  2 ugly things (Vaults:2)
  2 wolf spiders
  A dire elephant zombie (Coc:7)
  3 salamanders
  A gargoyle (Zig:26)
  A smoke demon (Zig:27)
  A yaktaur (Vaults:2)
  A tyrant leech (Swamp:4)
  A shadow (Zig:15)
  A fire elemental (Elf:2)
  3 water elementals
  A vampire (Abyss:1)
  A wolf (Depths:3)
  An iron imp (Dis:7)
  490 blocks of ice
  2011 fire vortices
  44 fungi
  2 lurking horrors (Abyss:1)
  47 plants
  14 starspawn tentacles
  3 tentacles
2669 creatures vanquished.

Grand Total: 14376 creatures vanquished

Notes
Turn   | Place    | Note
-------+----------+-------------------------------------------
     0 | D:1      | Hasart the Demonspawn Venom Mage began the quest for the
                  | Orb.
     0 | D:1      | Reached XP level 1. HP: 13/13 MP: 3/3
   227 | D:1      | Gained mutation: When hurt, damage is shared between your
                  | health and your magic reserves. [demonic ancestry]
   227 | D:1      | Reached XP level 2. HP: 10/19 MP: 0/5
   595 | D:1      | Reached skill level 1 in Transmutations
  1004 | D:2      | Found a white marble altar of Elyvilon.
  1084 | D:2      | Reached XP level 3. HP: 3/24 MP: 0/6
  1266 | D:2      | Learned a level 2 spell: Poisonous Vapours
  1595 | D:2      | Reached XP level 4. HP: 30/30 MP: 1/7
  1827 | D:2      | Found a glowing golden altar of the Shining One.
  2060 | D:2      | Found a snail-covered altar of Cheibriados.
  2329 | D:3      | Noticed Robin
  2387 | D:2      | Killed Robin
  2387 | D:2      | Reached skill level 1 in Air Magic
  2387 | D:2      | Reached XP level 5. HP: 33/35 MP: 0/8
  2523 | D:3      | Found a glowing drain.
  2560 | Sewer    | Entered a sewer
  3138 | Sewer    | Gained mutation: You are resistant to hostile enchantments.
                  | (MR+) [potion of mutation]
  3138 | Sewer    | Gained mutation: You are weak. (Str -2) [potion of
                  | mutation]
  3138 | Sewer    | Gained mutation: You can translocate small distances at
                  | will. [potion of mutation]
  3138 | Sewer    | Gained mutation: You are agile. (Dex +2) [potion of
                  | mutation]
  3335 | Sewer    | Learned a level 3 spell: Ignite Poison
  3563 | D:3      | Reached XP level 6. HP: 40/41 MP: 7/10
  4298 | D:3      | Found a blossoming altar of Fedhas.
  4489 | D:3      | Found a runed translucent door.
  4490 | D:3      | Noticed Crazy Yiuf
  4586 | D:3      | Learned a level 3 spell: Mephitic Cloud
  4620 | D:4      | Reached skill level 1 in Fire Magic
  4736 | D:3      | Reached skill level 1 in Shields
  4736 | D:3      | Reached skill level 5 in Poison Magic
  4736 | D:3      | Gained mutation: You have a pair of small antennae on your
                  | head. [demonic ancestry]
  4736 | D:3      | Reached XP level 7. HP: 27/46 MP: 0/11
  5091 | D:4      | Found a staircase to the Ecumenical Temple.
  5102 | Temple   | Entered the Ecumenical Temple
  5238 | Temple   | Became a worshipper of Sif Muna the Loreminder
  5780 | D:4      | Found a glowing silver altar of Zin.
  5782 | D:4      | Noticed Menkaure
  5793 | D:4      | Killed Menkaure
  6030 | D:4      | Found an opulent altar of Gozag.
  6129 | D:5      | Entered Level 5 of the Dungeon
  6308 | D:5      | Found a shattered altar of Ashenzari.
  6358 | D:5      | Noticed Ijyb
  6381 | D:5      | Killed Ijyb
  6514 | D:5      | Learned a level 4 spell: Olgreb's Toxic Radiance
  6665 | D:5      | Reached * piety under Sif Muna
  7099 | D:6      | Gained mutation: You are partially covered in yellow
                  | scales. (AC +2) [demonic ancestry]
  7099 | D:6      | Reached XP level 8. HP: 40/52 MP: 0/13
  7625 | D:6      | Noticed Prince Ribbit
  7655 | D:6      | Killed Prince Ribbit
  8433 | D:7      | Found a sacrificial altar of Ru.
  8475 | D:7      | Found an iron altar of Okawaru.
  9095 | D:7      | Found a stormy altar of Qazlal.
  9157 | D:7      | Reached skill level 1 in Conjurations
  9157 | D:7      | Gained mutation: A weak demonic guardian rushes to your
                  | aid. [demonic ancestry]
  9157 | D:7      | Reached XP level 9. HP: 57/57 MP: 6/15
  9159 | D:7      | Reached ** piety under Sif Muna
 10175 | D:8      | Got a pair of spiked boots
 10176 | D:8      | Identified the +1 pair of boots of Ifienoat {+Fly Regen+
                  | Dex+2} (You found it on level 8 of the Dungeon)
 10206 | D:8      | Noticed a two-headed ogre
 10212 | D:8      | Killed a two-headed ogre
 10560 | D:9      | Reached skill level 5 in Spellcasting
 10752 | D:9      | Gained mutation: You regenerate magic rapidly. [demonic
                  | ancestry]
 10752 | D:9      | Reached XP level 10. HP: 63/63 MP: 17/17
 10784 | D:9      | Found a staircase to the Lair.
 10906 | D:9      | Noticed a two-headed ogre
 10921 | D:9      | Reached skill level 5 in Dodging
 10921 | D:9      | Killed a two-headed ogre
 10935 | D:9      | Reached *** piety under Sif Muna
 11027 | D:9      | Reached skill level 5 in Transmutations
 11349 | D:9      | Noticed an ice dragon
 11394 | D:9      | Killed an ice dragon
 11524 | D:10     | Entered Level 10 of the Dungeon
 12069 | D:10     | Found a staircase to the Orcish Mines.
 12073 | D:10     | Noticed Sonja
 12081 | D:10     | Killed Sonja
 12081 | D:10     | Reached skill level 5 in Air Magic
 12256 | D:10     | Noticed a two-headed ogre
 12269 | D:10     | Killed a two-headed ogre
 12269 | D:10     | Gained mutation: You have a pair of antennae on your head.
                  | [demonic ancestry]
 12269 | D:10     | Reached XP level 11. HP: 68/68 MP: 5/19
 12866 | D:11     | Reached skill level 5 in Fire Magic
 12867 | D:11     | Reached skill level 5 in Shields
 12956 | Orc:1    | Entered Level 1 of the Orcish Mines
 12961 | Orc:1    | Reached **** piety under Sif Muna
 13061 | Orc:1    | Noticed an orc sorcerer
 13063 | Orc:1    | Noticed an orc warlord
 13069 | Orc:1    | Killed an orc sorcerer
 13127 | Lair:1   | Entered Level 1 of the Lair of Beasts
 13228 | Lair:1   | Noticed a five-headed hydra
 13253 | Lair:1   | Killed a five-headed hydra
 13318 | Lair:1   | Reached skill level 5 in Conjurations
 13318 | Lair:1   | Reached skill level 10 in Poison Magic
 13351 | Lair:1   | Found a frozen archway.
 13359 | IceCv    | Entered an ice cave
 13554 | IceCv    | Reached skill level 1 in Invocations
 13605 | IceCv    | Noticed a death yak
 13615 | IceCv    | Killed a death yak
 13615 | IceCv    | Reached skill level 1 in Evocations
 13615 | IceCv    | Reached skill level 1 in Armour
 13632 | IceCv    | Reached XP level 12. HP: 74/74 MP: 1/22
 13749 | IceCv    | Reached ***** piety under Sif Muna
 13749 | IceCv    | Received a gift from Sif Muna
 13902 | IceCv    | Learned a level 2 spell: Swiftness
 14048 | IceCv    | Reached skill level 1 in Charms
 14122 | IceCv    | Noticed a frost giant
 14132 | IceCv    | Killed a frost giant
 15751 | Lair:2   | Found a hole to the Spider Nest.
 15808 | Lair:2   | Gained mutation: You have a pair of large antennae on your
                  | head. (SInv) [demonic ancestry]
 15808 | Lair:2   | Reached XP level 13. HP: 75/79 MP: 15/24
 16002 | Lair:2   | Identified the cursed +2 mace of True Grit {pain, rElec
                  | Dex+3} (You found it on level 2 of the Lair of Beasts)
 16750 | Lair:3   | Reached skill level 5 in Invocations
 17063 | Lair:3   | Identified Sif Muna's Disquisition on the Excruciating
                  | Arsonist (Sif Muna gifted it to you on level 3 of the Lair
                  | of Beasts)
 17063 | Lair:3   | Received a gift from Sif Muna
 17071 | Lair:3   | Learned a level 5 spell: Fireball
 17411 | Lair:3   | Noticed a dire elephant
 17426 | Lair:3   | Killed a dire elephant
 18270 | Lair:4   | Found a staircase to the Swamp.
 19260 | Lair:5   | Reached skill level 5 in Evocations
 19361 | Lair:5   | Identified the Papyrus of Supportive Enchantment
 19472 | Lair:5   | Found a dark tunnel.
 19495 | Volcano  | Entered a volcano
 19536 | Volcano  | Learned a level 4 spell: Airstrike
 19565 | Volcano  | Gained mutation: When low on magic, you restore magic in
                  | place of health. [demonic ancestry]
 19565 | Volcano  | Reached XP level 14. HP: 85/85 MP: 14/26
 19796 | Volcano  | Found a radiant altar of Vehumet.
 20141 | Lair:5   | Identified Sif Muna's Almanac of Excruciating Bewitchment
                  | (Sif Muna gifted it to you on level 5 of the Lair of
                  | Beasts)
 20141 | Lair:5   | Received a gift from Sif Muna
 20625 | Lair:6   | Entered Level 6 of the Lair of Beasts
 20634 | Lair:6   | Reached skill level 5 in Armour
 21568 | Lair:6   | Identified Sif Muna's Almanac of Conjuration (Sif Muna
                  | gifted it to you on level 6 of the Lair of Beasts)
 21568 | Lair:6   | Received a gift from Sif Muna
 22350 | Lair:6   | Found a viscous altar of Jiyva.
 22351 | Lair:6   | Found a staircase to the Slime Pits.
 22845 | Lair:6   | Gained mutation: You are mostly covered in yellow scales.
                  | (AC +3) [demonic ancestry]
 22845 | Lair:6   | Reached XP level 15. HP: 90/90 MP: 15/28
 23140 | Orc:1    | Killed an orc warlord
 23319 | Orc:1    | Found Afrint's Jewellery Shoppe.
 23333 | Orc:1    | Bought an uncursed ring of poison resistance for 240 gold
                  | pieces
 23431 | Orc:1    | Noticed Snorg
 23442 | Orc:1    | Killed Snorg
 23442 | Orc:1    | Identified Ynoett's Handbook of the Harmful Volcanoes (Sif
                  | Muna gifted it to you on level 1 of the Orcish Mines)
 23442 | Orc:1    | Received a gift from Sif Muna
 23497 | Orc:1    | Noticed Nergalle
 23501 | Orc:1    | Killed Nergalle
 23771 | Orc:1    | Found a roughly hewn altar of Beogh.
 24083 | Orc:2    | Entered Level 2 of the Orcish Mines
 24106 | Orc:2    | Noticed an orc warlord
 24117 | Orc:2    | Killed an orc warlord
 24193 | Orc:2    | Found Qaireune's Weapon Boutique.
 24228 | Orc:2    | Found a staircase to the Elven Halls.
 24462 | Orc:2    | Noticed Donald
 24482 | Orc:2    | Killed Donald
 24482 | Orc:2    | Reached skill level 10 in Spellcasting
 24693 | Orc:2    | Identified Sif Muna's Guide on Ashen Slavery (Sif Muna
                  | gifted it to you on level 2 of the Orcish Mines)
 24693 | Orc:2    | Received a gift from Sif Muna
 25259 | Orc:2    | Reached skill level 10 in Conjurations
 25335 | Orc:2    | Found Usir's Book Shop.
 25338 | Orc:2    | Found Ezoep's Magic Scroll Boutique.
 25339 | Orc:2    | Found Aprarphor's Armour Shop.
 25340 | Orc:2    | Found Irac's Distillery.
 25348 | Orc:2    | Bought a potion of curing for 45 gold pieces
 25348 | Orc:2    | Bought a potion of curing for 45 gold pieces
 25348 | Orc:2    | Bought a potion of haste for 150 gold pieces
 25348 | Orc:2    | Bought a potion of invisibility for 120 gold pieces
 25348 | Orc:2    | Bought a potion of curing for 45 gold pieces
 25366 | Orc:2    | Bought a scroll of blinking for 105 gold pieces
 25366 | Orc:2    | Bought a scroll of teleportation for 42 gold pieces
 25962 | D:11     | Identified Vucyck's Collected Works on Doomed Companions
                  | (Sif Muna gifted it to you on level 11 of the Dungeon)
 25962 | D:11     | Received a gift from Sif Muna
 26023 | D:11     | Found Yhilu's General Store.
 26042 | D:11     | Bought the +4 dagger "Morg" {pain, MR+ Int+5} for 625 gold
                  | pieces
 26042 | D:11     | Found the +4 dagger "Morg" {pain, MR+ Int+5}
 26449 | D:12     | Found a shadowy altar of Dithmenos.
 26477 | D:12     | Noticed Erolcha
 26485 | D:12     | Killed Erolcha
 26485 | D:12     | Reached skill level 10 in Fire Magic
 26827 | D:12     | Reached ****** piety under Sif Muna
 27240 | D:13     | Found a gate leading to a gauntlet.
 27249 | Gauntlet | Entered a Gauntlet
 27249 | Gauntlet | Found a transporter.
 27249 | Gauntlet | Found a transporter.
 27269 | Gauntlet | Found a transporter.
 27270 | Gauntlet | Found a transporter.
 27284 | Gauntlet | Found a transporter.
 27288 | Gauntlet | Found a transporter.
 27303 | Gauntlet | Found a transporter.
 27325 | Gauntlet | Found a transporter.
 27342 | Gauntlet | Found a transporter.
 27346 | Gauntlet | Found a transporter.
 27357 | Gauntlet | Found a transporter.
 27361 | Gauntlet | Found a transporter.
 27623 | Gauntlet | Got a wavering steel ring
 27624 | Gauntlet | Identified the ring of Lerofyix {+Inv rF+} (You found it in
                  | a Gauntlet)
 27664 | Gauntlet | Got an ancient emerald amulet
 27665 | Gauntlet | Identified the amulet of Giyjen {Acrobat Str+4} (You found
                  | it in a Gauntlet)
 27708 | Gauntlet | Identified the cursed +1 shortbow of Popular Demand {venom,
                  | Int+2}
 28435 | D:13     | Identified Sif Muna's Foundations of Sorcery (Sif Muna
                  | gifted it to you on level 13 of the Dungeon)
 28435 | D:13     | Received a gift from Sif Muna
 28673 | D:14     | Reached XP level 16. HP: 96/96 MP: 20/30
 28849 | D:14     | Found a gate to the Vaults.
 29005 | D:14     | Noticed Kirke
 29013 | D:14     | Killed Kirke
 29786 | D:15     | Entered Level 15 of the Dungeon
 29987 | D:15     | Identified the +7 falchion "Getzo" {vorpal, rElec rN+
                  | Int+3} (You found it on level 15 of the Dungeon)
 30106 | D:15     | Found a staircase to the Depths.
 30118 | D:15     | Identified Icrih's Disquisition on Evil Conjuration (Sif
                  | Muna gifted it to you on level 15 of the Dungeon)
 30118 | D:15     | Received a gift from Sif Muna
 30373 | D:15     | Noticed Louise
 30386 | D:15     | Killed Louise
 31036 | Spider:1 | Entered Level 1 of the Spider Nest
 31202 | Spider:1 | Learned a level 5 spell: Irradiate
 31942 | Spider:2 | Received a gift from Sif Muna
 32563 | Spider:2 | You fall into a shaft and drop 1 floor!
 32785 | Spider:2 | Gained mutation: A demonic guardian rushes to your aid.
                  | [demonic ancestry]
 32785 | Spider:2 | Reached XP level 17. HP: 95/101 MP: 7/33
 33416 | Spider:4 | Entered Level 4 of the Spider Nest
 33503 | Spider:4 | Noticed Agnes
 33510 | Spider:4 | Killed Agnes
 33563 | Spider:3 | Received a gift from Sif Muna
 34069 | Spider:4 | Identified the +11 falchion of Calculation {freeze, +Rage}
                  | (You found it on level 4 of the Spider Nest)
 34685 | Spider:4 | Identified Sif Muna's Compendium of Ashen Fire (Sif Muna
                  | gifted it to you on level 4 of the Spider Nest)
 34685 | Spider:4 | Received a gift from Sif Muna
 35260 | Spider:4 | Got a gossamer rune of Zot
 35557 | Elf:1    | Entered Level 1 of the Elven Halls
 35848 | Elf:1    | Reached skill level 15 in Fire Magic
 35950 | Elf:1    | Identified the Tome of Arcane Weapons
 36833 | Elf:2    | Reached XP level 18. HP: 107/107 MP: 25/34
 36848 | Elf:2    | Found a ruined gateway.
 36909 | Elf:2    | Found a glowing silver altar of Zin.
 36909 | Elf:2    | Found a white marble altar of Elyvilon.
 36912 | Elf:2    | Found a glowing golden altar of the Shining One.
 36950 | Desolati | Entered the Desolation of Salt
 37178 | Elf:2    | Found a runed translucent gate.
 37178 | Elf:2    | Found a runed translucent gate.
 37178 | Elf:2    | Found a runed translucent gate.
 37516 | Elf:2    | Received a gift from Sif Muna
 37818 | Elf:2    | Noticed a Hell Sentinel
 38171 | Elf:3    | Entered Level 3 of the Elven Halls
 38826 | Elf:3    | Identified Sif Muna's Papyrus of Poisonous Changing (Sif
                  | Muna gifted it to you on level 3 of the Elven Halls)
 38826 | Elf:3    | Received a gift from Sif Muna
 39396 | Elf:3    | Reached skill level 15 in Conjurations
 39454 | Elf:3    | Reached XP level 19. HP: 77/112 MP: 12/35
 39767 | Elf:3    | Identified the ring "Joetien" {rPois MR++ MP+9 Str+2 Int-4
                  | Stlth+}
 40077 | Elf:3    | Identified the +1 pair of boots "Lonwoliz" {Int+3} (You
                  | found it on level 3 of the Elven Halls)
 40080 | Elf:3    | Identified the Handbook of Supportive Poison
 40147 | Elf:3    | Identified Besuhour's Guide on Shifting Conjuration
 40155 | Elf:3    | Identified the +1 robe of Prudence {-Tele rPois rF+ rC++}
                  | (You found it on level 3 of the Elven Halls)
 40188 | Elf:3    | Identified the +3 hand crossbow "Nun Zecu" {freeze, rF+
                  | Str+4 Dex+4} (You found it on level 3 of the Elven Halls)
 40205 | Elf:3    | Identified the +1 leather armour "Mawethey" {rElec Int+4}
                  | (You found it on level 3 of the Elven Halls)
 40225 | Elf:3    | Identified the +1 chain mail "Wiopaor" {rElec rPois} (You
                  | found it on level 3 of the Elven Halls)
 40291 | Elf:3    | Learned a level 8 spell: Ignition
 40553 | Swamp:1  | Entered Level 1 of the Swamp
 40556 | Swamp:1  | Noticed Jorgrun
 40859 | Depths:1 | Entered Level 1 of the Depths
 40888 | Depths:1 | Noticed Sojobo
 40904 | Depths:1 | Killed Sojobo
 40998 | Depths:1 | Found Fomu's Assorted Antiques.
 41068 | Depths:1 | Found a one-way gate leading to the halls of Pandemonium.
 41081 | Depths:1 | Learned a level 6 spell: Eringya's Noxious Bog
 41165 | Depths:1 | Received a gift from Sif Muna
 41608 | Depths:1 | Found a gateway to Hell.
 42583 | Depths:2 | Noticed a caustic shrike
 42591 | Depths:2 | Killed a caustic shrike
 42669 | Depths:2 | Noticed a caustic shrike
 42674 | Depths:2 | Killed a caustic shrike
 42674 | Depths:2 | Reached XP level 20. HP: 118/118 MP: 12/36
 43346 | Depths:2 | Identified Sif Muna's Volume of the Moneychanger (Sif Muna
                  | gifted it to you on level 2 of the Depths)
 43346 | Depths:2 | Received a gift from Sif Muna
 43619 | Depths:2 | Found a gateway to a ziggurat.
 44156 | Swamp:1  | Killed Jorgrun
 44913 | Swamp:2  | Noticed Nikola
 44930 | Swamp:2  | Killed Nikola
 45934 | Swamp:3  | Noticed Aizul
 45967 | Swamp:3  | Identified Gyh Dopp's Grimoire of the Blaze and Malediction
                  | (Sif Muna gifted it to you on level 3 of the Swamp)
 45967 | Swamp:3  | Received a gift from Sif Muna
 46817 | Swamp:3  | Killed Aizul
 46970 | Swamp:4  | Entered Level 4 of the Swamp
 47207 | Swamp:4  | Gained mutation: You are completely covered in yellow
                  | scales. (AC +4, rCorr) [demonic ancestry]
 47207 | Swamp:4  | Reached XP level 21. HP: 123/123 MP: 27/38
 47518 | Swamp:4  | Got a decaying rune of Zot
 47549 | Swamp:4  | Identified Sif Muna's Catalogue of Battle Magic and Evil
                  | (Sif Muna gifted it to you on level 4 of the Swamp)
 47549 | Swamp:4  | Received a gift from Sif Muna
 48168 | Vaults:1 | Entered Level 1 of the Vaults
 49682 | Vaults:2 | Identified Huafaywk's Incunabulum of the Lucky Frostbite
                  | (Sif Muna gifted it to you on level 2 of the Vaults)
 49682 | Vaults:2 | Received a gift from Sif Muna
 49800 | Vaults:2 | Found Mut Bonla's Assorted Antiques.
 49810 | Vaults:2 | Bought a scroll of teleportation for 132 gold pieces
 49810 | Vaults:2 | Bought a potion of curing for 132 gold pieces
 49833 | Vaults:2 | Found a portal to a secret trove of treasure.
 49841 | Vaults:2 | You paid a toll of 4 potions of resistance to enter a
                  | treasure trove
 49842 | Trove    | Entered a treasure trove
 49860 | Trove    | Got a fine cloak
 49867 | Trove    | Got a bloodstained robe
 49869 | Trove    | Got an ichor-stained cloak
 49872 | Trove    | Got a pair of steaming gloves
 49876 | Trove    | Identified the -3 cloak "Xiroykeh" {rC- Int+6 Dex+8} (You
                  | found it in a treasure trove)
 49879 | Trove    | Identified the +1 robe "Kirchetz" {rC+ Int+4} (You found it
                  | in a treasure trove)
 49880 | Trove    | Identified the +0 cloak of Toothy Joy {Dex+5} (You found it
                  | in a treasure trove)
 49881 | Trove    | Identified the +0 pair of gloves of Chimes {rElec} (You
                  | found it in a treasure trove)
 49895 | Trove    | Identified the +7 chain mail of Lethargy {rF+ Int-5 SInv}
                  | (You found it in a treasure trove)
 50101 | Vaults:2 | Found a staircase to the Crypt.
 50727 | Vaults:2 | Reached skill level 10 in Transmutations
 50784 | Vaults:2 | Noticed Frederick
 50807 | Vaults:2 | Killed Frederick
 51708 | Vaults:3 | Noticed Asterion
 51719 | Vaults:3 | Killed Asterion
 51719 | Vaults:3 | Received a gift from Sif Muna
 51924 | Vaults:3 | Reached XP level 22. HP: 129/129 MP: 28/39
 52217 | Vaults:3 | Reached skill level 1 in Fighting
 52586 | Vaults:3 | Noticed Boris
 52595 | Vaults:3 | Killed Boris
 53046 | Vaults:3 | Found Tuse's Antique Armour Boutique.
 53061 | Vaults:3 | Noticed Bai Suzhen
 53091 | Vaults:3 | Killed Bai Suzhen
 53515 | Vaults:4 | Paralysed by a great orb of eyes for 6 turns
 53521 | Vaults:4 | Received a gift from Sif Muna
 54884 | Vaults:4 | Found the cursed necklace of Bloodlust {*Rage +Rage MR++
                  | Int-3 Slay+6 *Curse}
 55168 | Crypt:1  | Entered Level 1 of the Crypt
 55376 | Crypt:1  | Identified Luag's Almanac of Calling (Sif Muna gifted it to
                  | you on level 1 of the Crypt)
 55376 | Crypt:1  | Received a gift from Sif Muna
 55840 | Crypt:1  | Reached skill level 5 in Fighting
 55914 | Crypt:1  | Noticed Boris
 55920 | Crypt:1  | Killed Boris
 56527 | Crypt:2  | Gained mutation: A powerful demonic guardian rushes to your
                  | aid. [demonic ancestry]
 56527 | Crypt:2  | Reached XP level 23. HP: 121/150 MP: 25/41
 56595 | Crypt:2  | Noticed Boris
 56601 | Crypt:2  | Killed Boris
 56672 | Crypt:2  | Identified Sif Muna's Incunabulum of the Hurtful Rocks (Sif
                  | Muna gifted it to you on level 2 of the Crypt)
 56672 | Crypt:2  | Received a gift from Sif Muna
 56756 | Crypt:2  | Learned a level 9 spell: Fire Storm
 57372 | Crypt:3  | Entered Level 3 of the Crypt
 58110 | Crypt:3  | Received a gift from Sif Muna
 58347 | Crypt:3  | Noticed an ancient lich
 58357 | Crypt:3  | Killed an ancient lich
 58357 | Crypt:3  | Reached skill level 15 in Spellcasting
 58664 | Crypt:3  | Found a basalt altar of Yredelemnul.
 58700 | Crypt:3  | Identified Dolil's Almanac of Sinister Secrets
 58702 | Crypt:3  | Identified the Catalogue of Necromancy and Flight
 59057 | Crypt:3  | Found a staircase to the Tomb.
 59988 | Depths:3 | Identified Sif Muna's Almanac of Creative Blows and Bruises
                  | (Sif Muna gifted it to you on level 3 of the Depths)
 59988 | Depths:3 | Received a gift from Sif Muna
 60099 | Depths:3 | Found Ivecou's Gadget Emporium.
 60106 | Depths:3 | Found Daingon's Jewellery Boutique.
 60107 | Depths:3 | Found Zomasutu's Gadget Emporium.
 60233 | Depths:3 | Noticed a caustic shrike
 60238 | Depths:3 | Killed a caustic shrike
 60299 | Depths:3 | Noticed a juggernaut
 60322 | Depths:3 | Killed a juggernaut
 60410 | Depths:3 | Gained mutation: Your magical and physical power is
                  | slightly enhanced at high health. [demonic ancestry]
 60410 | Depths:3 | Reached XP level 24. HP: 141/163 MP: 22/42
 60836 | Depths:3 | Reached skill level 10 in Shields
 60973 | Depths:3 | Identified the Compendium of Creative Aid
 61666 | Depths:4 | Noticed Saint Roka
 61672 | Depths:4 | Killed Saint Roka
 61901 | Depths:4 | Identified Sif Muna's Tome of Dusty Transmigration (Sif
                  | Muna gifted it to you on level 4 of the Depths)
 61901 | Depths:4 | Received a gift from Sif Muna
 61905 | Depths:4 | Noticed Margery
 61935 | Depths:4 | HP: 1/163 [Margery/fireball (28)]
 61937 | Depths:4 | Killed Margery
 62160 | Depths:4 | Found a one-way gate to the infinite horrors of the Abyss.
 62410 | Depths:1 | Bought a tourmaline ring for 120 gold pieces
 63066 | Depths:4 | Identified the -3 buckler of Daisies {rN+} (You found it on
                  | level 4 of the Depths)
 63502 | Depths:5 | Entered Level 5 of the Depths
 64581 | Depths:5 | Identified Baollaar's Reference Book on Flames and
                  | Displacement (Sif Muna gifted it to you on level 5 of the
                  | Depths)
 64581 | Depths:5 | Received a gift from Sif Muna
 64900 | Depths:5 | Found a gate to the Realm of Zot.
 65315 | Depths:5 | Reached XP level 25. HP: 168/168 MP: 23/43
 65817 | Vaults:5 | Entered Level 5 of the Vaults
 65842 | Vaults:5 | Noticed Boris
 65847 | Vaults:5 | Killed Boris
 65868 | Vaults:5 | Identified Sif Muna's Grimoire of Evil Translocation (Sif
                  | Muna gifted it to you on level 5 of the Vaults)
 65868 | Vaults:5 | Received a gift from Sif Muna
 65930 | Vaults:5 | Identified the +7 morningstar of Starshine {drain, Int+3}
 66421 | Vaults:5 | Identified Sif Muna's Incunabulum of Augmentations and Snow
                  | (Sif Muna gifted it to you on level 5 of the Vaults)
 66421 | Vaults:5 | Received a gift from Sif Muna
 66585 | Vaults:5 | Identified the +8 lajatang "Newt's Death Toll" {vorpal,
                  | +Blink rF+}
 66616 | Vaults:5 | Gained mutation: You are frail. (-10% HP) [mutagenic glow]
 66764 | Vaults:5 | Got a silver rune of Zot
 66777 | Vaults:5 | Identified the cursed +0 leather armour of Reoph {rElec
                  | rPois rF- rC++}
 66878 | Vaults:5 | Identified the +5 ring mail of Supple Strength {Regen+
                  | rCorr}
 67086 | Vaults:5 | Identified the Collected Works on the Shifting Oath
 67287 | Vaults:5 | Identified the Handbook of the Peculiar Youths
 67400 | Vaults:5 | Got a transparent steel ring
 67401 | Vaults:5 | Identified the ring "Ycerchyxt" {rPois rF- Str+9 Int-4}
                  | (You found it on level 5 of the Vaults)
 67405 | Vaults:5 | Identified the Grimoire of Dusty Evil
 68113 | Slime:1  | Entered Level 1 of the Pits of Slime
 68181 | Slime:1  | You fall into a shaft and drop 1 floor!
 68196 | Slime:1  | Gained mutation: You have sharp toenails. [a shining eye]
 68551 | Slime:3  | Gained mutation: Your magical and physical power is
                  | enhanced at high health. [demonic ancestry]
 68551 | Slime:3  | Reached XP level 26. HP: 157/157 MP: 25/43
 69009 | Slime:5  | Entered Level 5 of the Pits of Slime
 69112 | Slime:5  | Noticed the Royal Jelly
 69115 | Slime:5  | Killed the Royal Jelly
 69335 | Slime:5  | Found the +11 plutonium sword {*Contam Stlth-}
 69335 | Slime:5  | Found the macabre finger necklace {rN+}
 69388 | Slime:5  | Identified the cursed +0 chain mail of Starshine {MR+ Str+4
                  | Dex-3} (You found it on level 5 of the Pits of Slime)
 69440 | Slime:5  | Got a heavily runed golden ring
 69441 | Slime:5  | Identified the ring "Extow" {rC+++ MR+ MP+9 Slay-4} (You
                  | found it on level 5 of the Pits of Slime)
 69482 | Slime:5  | Got a slimy rune of Zot
 69812 | Slime:5  | Learned a level 8 spell: Necromutation
 70265 | Zot:1    | Entered Level 1 of the Realm of Zot
 70592 | Zot:1    | Reached skill level 1 in Necromancy
 71840 | Zot:2    | Reached skill level 5 in Necromancy
 71918 | Zot:2    | Gained mutation: Your magical and physical power is greatly
                  | enhanced at high health. [demonic ancestry]
 71918 | Zot:2    | Reached XP level 27. HP: 51/162 MP: 8/44
 72170 | Zot:2    | Identified Itijeg's Catalogue of Dusty Moulding
 72789 | Depths:5 | Voluntarily entered the Abyss.
 73215 | Abyss:3  | Got an abyssal rune of Zot
 73302 | Depths:5 | Escaped the Abyss
 73372 | Hell     | Entered the Vestibule of Hell
 73372 | Hell     | Noticed Geryon
 73376 | Hell     | Killed Geryon
 74050 | Zot:3    | Found a runed translucent gate.
 74050 | Zot:3    | Found a runed translucent gate.
 74051 | Zot:3    | Found a runed translucent gate.
 74051 | Zot:3    | Noticed Afekh's ghost (master TrAr)
 74052 | Zot:3    | Noticed Etzokumu's ghost (adept DDFi)
 74581 | Zot:3    | Reached skill level 15 in Shields
 74905 | Zot:4    | Reached skill level 10 in Invocations
 75749 | Zot:5    | Entered Level 5 of the Realm of Zot
 76097 | Zot:5    | Reached skill level 10 in Necromancy
 76241 | Zot:5    | Noticed an ancient lich
 76245 | Zot:5    | Killed an ancient lich
 76463 | Zot:5    | Noticed an orb of fire
 76466 | Zot:5    | Gained mutation: Your magical capacity is low. (-10% MP)
                  | [an orb of fire]
 76468 | Zot:5    | Killed an orb of fire
 77099 | Tomb:1   | Entered Level 1 of the Tomb of the Ancients
 77732 | Pan      | Entered Pandemonium
 77749 | Pan      | Noticed Iqyoj the pandemonium lord
 77851 | Pan      | Noticed Mennas
 77853 | Pan      | Killed Mennas
 78096 | Pan      | Found an exit through the horrors of the Abyss.
 78338 | Pan      | Noticed Yxti Dyn the pandemonium lord
 78348 | Pan      | Killed Yxti Dyn the pandemonium lord
 79373 | Pan      | Took an exit into the Abyss.
 79373 | Abyss:1  | Escaped into the Abyss
 79429 | Depths:1 | Escaped the Abyss
 79432 | Pan      | Entered Pandemonium
 79813 | Pan      | Noticed Puob the pandemonium lord
 79816 | Pan      | Killed Puob the pandemonium lord
 80921 | Depths:1 | Escaped Pandemonium
 81017 | Depths:4 | Voluntarily entered the Abyss.
 81329 | Depths:4 | Escaped the Abyss
 81371 | Depths:4 | Voluntarily entered the Abyss.
 81535 | Abyss:1  | Reached skill level 1 in Long Blades
 81854 | Depths:4 | Escaped the Abyss
 81866 | Depths:4 | Voluntarily entered the Abyss.
 81898 | Abyss:1  | Found a corrupted altar of Lugonu.
 81902 | Abyss:1  | Found a corrupted altar of Lugonu.
 82332 | Depths:4 | Escaped the Abyss
 82436 | Depths:4 | Voluntarily entered the Abyss.
 82861 | Depths:4 | Escaped the Abyss
 82954 | Pan      | Entered Pandemonium
 83101 | Pan      | Found a transporter.
 83125 | Pan      | Reached skill level 15 in Necromancy
 83486 | Pan      | Found a transporter.
 83495 | Pan      | Found an exit through the horrors of the Abyss.
 84152 | Pan      | Reached skill level 5 in Long Blades
 84249 | Pan      | Got a brightly glowing platinum amulet
 84250 | Pan      | Identified the amulet "Hionlev" {Spirit rC+ MR+ Str-5} (You
                  | found it in Pandemonium)
 84267 | Pan      | Identified the +4 flail "Beetle's Peril" {venom, Dex+4
                  | Stlth+} (You found it in Pandemonium)
 84273 | Pan      | Got a scorched pewter amulet
 84274 | Pan      | Identified the amulet "Biboos" {Inacc Dex+9} (You found it
                  | in Pandemonium)
 85102 | Pan      | Noticed Qadyhoc the pandemonium lord
 85108 | Pan      | Killed Qadyhoc the pandemonium lord
 86035 | Pan      | Noticed Tehupaqe the pandemonium lord
 86039 | Pan      | Killed Tehupaqe the pandemonium lord
 86637 | Pan      | Found an exit through the horrors of the Abyss.
 86864 | Pan      | Learned a level 9 spell: Absolute Zero
 86888 | Pan      | Entered the realm of Mnoleg.
 86900 | Pan      | Reached skill level 1 in Ice Magic
 87276 | Pan      | Reached skill level 5 in Ice Magic
 87299 | Pan      | Reached skill level 15 in Transmutations
 88292 | Pan      | Noticed Mnoleg
 88302 | Pan      | Killed Mnoleg
 88362 | Pan      | Got a glowing rune of Zot
 88576 | Pan      | Gained mutation: You are occasionally teleported next to
                  | monsters. [a cacodemon]
 88618 | Pan      | Reached skill level 10 in Ice Magic
 89342 | Pan      | Noticed Ezesan the pandemonium lord
 89345 | Pan      | Killed Ezesan the pandemonium lord
 89539 | Depths:4 | Escaped Pandemonium
 89607 | Depths:4 | Voluntarily entered the Abyss.
 90363 | Depths:4 | Escaped the Abyss
 90459 | Pan      | Entered Pandemonium
 90703 | Pan      | Noticed Icapnim the pandemonium lord
 90705 | Pan      | Learned a level 6 spell: Ozocubu's Refrigeration
 90707 | Pan      | Killed Icapnim the pandemonium lord
 90943 | Pan      | Got a demonic rune of Zot
 91295 | Pan      | Reached skill level 15 in Ice Magic
 91610 | Pan      | HP: 8/162 [Hell Sentinel/damnation (15)]
 92016 | Pan      | Noticed Qigiaz the pandemonium lord
 92129 | Pan      | Killed Qigiaz the pandemonium lord
 92148 | Pan      | Identified the cursed ring of Cheibriados's Hope {+Inv rC+
                  | Str-4 Slay-4 SInv}
 92526 | Pan      | Found an exit through the horrors of the Abyss.
 93071 | Pan      | Noticed Soalluf the pandemonium lord
 93079 | Pan      | Killed Soalluf the pandemonium lord
 93127 | Pan      | HP: 4/162 [Hell Sentinel/iron shot (21)]
 93331 | Pan      | Noticed Wiucolle the pandemonium lord
 93333 | Pan      | Killed Wiucolle the pandemonium lord
 94676 | Pan      | Noticed Cegeblei the pandemonium lord
 94680 | Pan      | Killed Cegeblei the pandemonium lord
 95192 | Pan      | Entered the realm of Gloorx Vloq.
 96031 | Pan      | Noticed Gloorx Vloq
 96045 | Pan      | Killed Gloorx Vloq
 96211 | Pan      | Learned a level 8 spell: Controlled Blink
 96232 | Pan      | Reached skill level 1 in Translocations
 96988 | Pan      | Got a dark rune of Zot
 97136 | Pan      | Noticed Wonum the pandemonium lord
 97138 | Pan      | Killed Wonum the pandemonium lord
 97138 | Pan      | Reached skill level 5 in Translocations
 97441 | Pan      | Found an exit through the horrors of the Abyss.
 97740 | Pan      | Entered the realm of Cerebov.
 97791 | Pan      | Identified the +3 buckler of Light {rPois rC+ rN+} (You
                  | found it in Pandemonium)
 98328 | Pan      | Found an exit through the horrors of the Abyss.
 98453 | Pan      | Identified the +6 sword of Cerebov {flame}
 98453 | Pan      | Noticed Cerebov
 98459 | Pan      | Killed Cerebov
 98522 | Pan      | Got a fiery rune of Zot
 98555 | Pan      | Identified the amulet of the Ban {Reflect Str-3 Int+4 Dex+4
                  | SH+5} (You found it in Pandemonium)
 98691 | Pan      | Identified the +5 ring mail of Wu Jian {Regen+} (You found
                  | it in Pandemonium)
 98693 | Pan      | Identified the cursed +0 leather armour "Veatt" {rCorr}
                  | (You found it in Pandemonium)
 98777 | Pan      | Identified the +8 rapier "Parghu" {vamp, rC+}
 98777 | Pan      | Identified the ring of Maopleol {+Blink rElec rPois Int-2
                  | Dex+6}
 98879 | Pan      | Entered the realm of Lom Lobon.
 99000 | Pan      | Noticed Lom Lobon
 99002 | Pan      | Killed Lom Lobon
 99013 | Pan      | Got a magical rune of Zot
 99298 | Pan      | Found an exit through the horrors of the Abyss.
 99310 | Pan      | Took an exit into the Abyss.
 99310 | Abyss:1  | Escaped into the Abyss
 99335 | Depths:4 | Escaped the Abyss
 99336 | Depths:4 | Upgraded the game from 0.26-a0-58-g79b31b8662 to
                  | 0.26-a0-61-g6c07f0ee8d
 99511 | Hell     | Found a gateway to the decaying netherworld of Tartarus.
 99559 | Hell     | Found a gateway to the ashen valley of Gehenna.
 99694 | Hell     | Found a gateway to the freezing wastes of Cocytus.
 99812 | Hell     | Found a gateway to the Iron City of Dis.
 99904 | Coc:1    | Entered Level 1 of Cocytus
 99974 | Coc:1    | Reached skill level 10 in Translocations
101435 | Coc:7    | Entered Level 7 of Cocytus
101620 | Coc:7    | Found the +2 hat of the Bear Spirit {Spirit, +Rage rN+
                  | MR++}
101688 | Coc:7    | Identified the Tome of the Unstoppable Yaks
102198 | Coc:7    | Noticed Antaeus
102202 | Coc:7    | Killed Antaeus
102228 | Coc:7    | Got an icy rune of Zot
102232 | Coc:7    | Identified the ring "Ofytreraisch" {rElec rC+ SInv} (You
                  | found it on level 7 of Cocytus)
102360 | Tar:1    | Entered Level 1 of Tartarus
103152 | Tar:7    | Entered Level 7 of Tartarus
103493 | Tar:7    | Reached skill level 15 in Translocations
104250 | Tar:7    | Identified the cursed ring "Qoymapp" {Str-4 Slay+2} (You
                  | found it on level 7 of Tartarus)
104252 | Tar:7    | Identified the +1 pair of boots "Qixorol" {rPois rF+ Int+7
                  | Dex-3} (You found it on level 7 of Tartarus)
104474 | Tar:7    | Reached skill level 10 in Long Blades
104612 | Tar:7    | Noticed Ereshkigal
104615 | Tar:7    | Killed Ereshkigal
104630 | Tar:7    | Identified the +2 mace of Death {drain, Str+6} (You found
                  | it on level 7 of Tartarus)
104633 | Tar:7    | Got a bone rune of Zot
104637 | Tar:7    | Identified the Papyrus of the Mountains and Orientation
104642 | Tar:7    | Identified the +0 leather armour of Qaruoz {Slay+2} (You
                  | found it on level 7 of Tartarus)
104745 | Tar:7    | Identified the ring "Leucu Coa" {+Inv rElec Str+7 Dex-3
                  | SInv} (You found it on level 7 of Tartarus)
104748 | Tar:7    | Identified the Compendium of Helpful Transformation
104991 | Hell     | Learned a level 9 spell: Shatter
104999 | Geh:1    | Entered Level 1 of Gehenna
105053 | Geh:2    | Reached skill level 1 in Earth Magic
105237 | Geh:7    | Entered Level 7 of Gehenna
105806 | Geh:7    | Reached skill level 5 in Earth Magic
105843 | Geh:7    | Noticed the Serpent of Hell
105844 | Geh:7    | Killed the Serpent of Hell
106349 | Geh:7    | Identified Etuhipt's Papyrus of Stones and the Oath
106352 | Geh:7    | Identified the amulet "Fisunkont" {RegenMP Stlth+} (You
                  | found it on level 7 of Gehenna)
106447 | Geh:7    | Identified the +7 sceptre of Asmodeus
106447 | Geh:7    | Noticed Asmodeus
106450 | Geh:7    | Killed Asmodeus
106497 | Geh:7    | Found the +8 autumn katana {vorpal, Clar}
106499 | Geh:7    | Found the ring of Phasing {EV+8}
106503 | Geh:7    | Identified the ring of the Singing Eyes {rC- MR+ rCorr
                  | MP+9} (You found it on level 7 of Gehenna)
106504 | Geh:7    | Identified the Handbook of Cankerous Attacks
106514 | Geh:7    | Got an obsidian rune of Zot
106539 | Geh:7    | Identified Mewofuhi's Tome of Lethal Feathers
106544 | Geh:7    | Identified the cursed +1 scimitar "Qanafuwk" {pain, rPois
                  | Int+6} (You found it on level 7 of Gehenna)
106572 | Geh:7    | Identified the cursed +1 scimitar of Dunayf {vorpal, rC-
                  | Str+6} (You found it on level 7 of Gehenna)
106839 | Dis:1    | Entered Level 1 of the Iron City of Dis
107634 | Dis:4    | Reached skill level 10 in Earth Magic
108105 | Dis:7    | Entered Level 7 of the Iron City of Dis
108790 | Dis:7    | Identified the +10 rapier of the Wasteland {vorpal, rElec
                  | rC+ Str-3 Int+4}
108806 | Dis:7    | Identified Soilo's Catalogue of Toxins and Air
108934 | Dis:7    | Identified the ring of Olyemir {+Fly Slay+5} (You found it
                  | on level 7 of the Iron City of Dis)
108944 | Dis:7    | Identified Zuqaxiur's Reference Book on Unholy Arts
109110 | Dis:7    | Identified the +4 staff of Dispater
109110 | Dis:7    | Noticed Dispater
109113 | Dis:7    | Killed Dispater
109129 | Dis:7    | Found the amulet of Vitality {Regen+ HP+15}
109132 | Dis:7    | Got an iron rune of Zot
109989 | Tomb:1   | Noticed a greater mummy
109992 | Tomb:1   | Killed a greater mummy
110029 | Tomb:1   | Noticed a greater mummy
110032 | Tomb:1   | Killed a greater mummy
110144 | Tomb:1   | Noticed an ancient lich
110146 | Tomb:1   | Killed an ancient lich
110159 | Tomb:1   | Identified the amulet "Xoczotie" {Reflect rN++ Int-4 Dex+3
                  | SH+5 Stlth+} (You found it on level 1 of the Tomb of the
                  | Ancients)
110248 | Tomb:1   | Noticed Khufu
110248 | Tomb:1   | Noticed a greater mummy
110252 | Tomb:1   | Killed a greater mummy
110255 | Tomb:1   | Killed Khufu
110255 | Tomb:1   | Reached skill level 10 in Armour
110285 | Tomb:1   | Noticed an ancient lich
110293 | Tomb:1   | Killed an ancient lich
110676 | Tomb:1   | Noticed a greater mummy
110677 | Tomb:1   | Noticed a greater mummy
110678 | Tomb:1   | Killed a greater mummy
110681 | Tomb:1   | Noticed a greater mummy
110681 | Tomb:1   | Killed a greater mummy
110683 | Tomb:1   | Noticed a greater mummy
110684 | Tomb:1   | Killed a greater mummy
110685 | Tomb:1   | Killed a greater mummy
110687 | Tomb:1   | Noticed a greater mummy
110688 | Tomb:1   | Killed a greater mummy
110689 | Tomb:1   | Noticed a greater mummy
110691 | Tomb:1   | Killed a greater mummy
110691 | Tomb:1   | Noticed a greater mummy
110694 | Tomb:1   | Killed a greater mummy
110698 | Tomb:1   | Noticed a greater mummy
110700 | Tomb:1   | Noticed a greater mummy
110700 | Tomb:1   | Noticed a greater mummy
110701 | Tomb:1   | Noticed a greater mummy
110702 | Tomb:1   | Killed a greater mummy
110702 | Tomb:1   | Killed a greater mummy
110703 | Tomb:1   | Killed a greater mummy
110704 | Tomb:1   | Killed a greater mummy
110704 | Tomb:1   | Reached skill level 15 in Earth Magic
110706 | Tomb:1   | Noticed a greater mummy
110709 | Tomb:1   | Killed a greater mummy
110717 | Tomb:1   | Noticed a greater mummy
110719 | Tomb:1   | Killed a greater mummy
110936 | Tomb:1   | Noticed a greater mummy
110941 | Tomb:1   | Killed a greater mummy
111392 | Tomb:2   | Noticed a greater mummy
111395 | Tomb:2   | Killed a greater mummy
111440 | Tomb:2   | Noticed a greater mummy
111442 | Tomb:2   | Killed a greater mummy
111442 | Tomb:2   | Noticed a greater mummy
111447 | Tomb:2   | Killed a greater mummy
111504 | Tomb:2   | Noticed a greater mummy
111509 | Tomb:2   | Killed a greater mummy
111821 | Tomb:3   | Entered Level 3 of the Tomb of the Ancients
111837 | Tomb:3   | Noticed an ancient lich
111837 | Tomb:3   | Noticed a greater mummy
111838 | Tomb:3   | Noticed Boris
111840 | Tomb:3   | Killed an ancient lich
111840 | Tomb:3   | Noticed a greater mummy
111841 | Tomb:3   | Noticed a greater mummy
111841 | Tomb:3   | Noticed a greater mummy
111841 | Tomb:3   | Killed a greater mummy
111842 | Tomb:3   | Noticed a greater mummy
111842 | Tomb:3   | Noticed a greater mummy
111842 | Tomb:3   | Killed a greater mummy
111843 | Tomb:3   | Killed Boris
111843 | Tomb:3   | Noticed a greater mummy
111844 | Tomb:3   | Killed a greater mummy
111844 | Tomb:3   | Killed a greater mummy
111847 | Tomb:3   | Killed a greater mummy
111847 | Tomb:3   | Killed a greater mummy
111848 | Tomb:3   | Killed a greater mummy
111849 | Tomb:3   | Noticed a greater mummy
111856 | Tomb:3   | Killed a greater mummy
111964 | Tomb:3   | Identified the +4 morningstar of Quantum Leap {flame, +Inv
                  | Int+3} (You found it on level 3 of the Tomb of the
                  | Ancients)
111967 | Tomb:3   | Identified the +3 scale mail "Mapsoub" {*Slow MR+++ Stlth+}
                  | (You found it on level 3 of the Tomb of the Ancients)
111972 | Tomb:3   | Identified the cursed +0 lajatang "Banisher" {vamp, rN+
                  | Str+2 Int+3 SInv} (You found it on level 3 of the Tomb of
                  | the Ancients)
111976 | Tomb:3   | Identified the +2 ring mail of Intuition {rPois MR++ Int-5
                  | Dex+4} (You found it on level 3 of the Tomb of the
                  | Ancients)
111978 | Tomb:3   | Identified the Grimoire of Spatial Clay
111982 | Tomb:3   | Identified Eliukas's Tome of Stones
111985 | Tomb:3   | Identified the ring "Pimmoy" {rC++ MR- Slay+5 Stlth+} (You
                  | found it on level 3 of the Tomb of the Ancients)
112228 | Tomb:3   | Got a golden rune of Zot
112843 | Zig:1    | Entered Level 1 of a ziggurat
112864 | Zig:2    | Entered Level 2 of a ziggurat
112882 | Zig:3    | Entered Level 3 of a ziggurat
112909 | Zig:4    | Entered Level 4 of a ziggurat
112913 | Zig:4    | Found the +10 morningstar "Eos" {elec, Halo rElec}
112940 | Zig:5    | Entered Level 5 of a ziggurat
113085 | Zig:6    | Entered Level 6 of a ziggurat
113122 | Zig:7    | Entered Level 7 of a ziggurat
113128 | Zig:7    | Noticed an ancient lich
113130 | Zig:7    | Killed an ancient lich
113142 | Zig:7    | Identified the ring "Jiebb" {+Fly rF+ Str-5 Int+2} (You
                  | found it on level 7 of a ziggurat)
113149 | Zig:7    | Identified the Collected Works on Flight and Cold
113239 | Zig:8    | Entered Level 8 of a ziggurat
113244 | Zig:8    | Noticed Ururer the pandemonium lord
113248 | Zig:8    | Killed Ururer the pandemonium lord
113286 | Zig:8    | Identified the amulet "Dirom" {Inacc rPois SInv} (You found
                  | it on level 8 of a ziggurat)
113301 | Zig:9    | Entered Level 9 of a ziggurat
113382 | Zig:9    | Identified the Grimoire of Feathers
113390 | Zig:9    | Identified the ring "Guud" {*Tele rF+ Str+4 Int+2} (You
                  | found it on level 9 of a ziggurat)
113395 | Zig:10   | Entered Level 10 of a ziggurat
113404 | Zig:10   | Reached skill level 15 in Armour
113416 | Zig:10   | Identified the amulet of Otzent {Spirit +Fly Int+3 Dex+2}
                  | (You found it on level 10 of a ziggurat)
113460 | Zig:11   | Entered Level 11 of a ziggurat
113467 | Zig:11   | Noticed a greater mummy
113467 | Zig:11   | Noticed a greater mummy
113468 | Zig:11   | Noticed a greater mummy
113469 | Zig:11   | Killed a greater mummy
113469 | Zig:11   | Killed a greater mummy
113470 | Zig:11   | Killed a greater mummy
113472 | Zig:11   | Noticed a greater mummy
113477 | Zig:11   | Killed a greater mummy
113500 | Zig:11   | Identified the cursed +0 chain mail "Imayjirr" {+Fly} (You
                  | found it on level 11 of a ziggurat)
113515 | Zig:12   | Entered Level 12 of a ziggurat
113532 | Zig:12   | Identified the +4 rapier "Laymus" {vorpal, rC- Str+6 Int+2}
                  | (You found it on level 12 of a ziggurat)
113617 | Zig:12   | Reached skill level 10 in Dodging
113618 | Zig:12   | Lost mutation: You are weak. (Str -2) [potion of mutation]
113618 | Zig:12   | Lost mutation: You are frail. (-10% HP) [potion of
                  | mutation]
113618 | Zig:12   | Lost mutation: You are agile. (Dex +2) [potion of mutation]
113618 | Zig:12   | Gained mutation: Scrolls take you a little longer to read.
                  | [potion of mutation]
113618 | Zig:12   | Lost mutation: You have sharp toenails. [potion of
                  | mutation]
113618 | Zig:12   | Gained mutation: Your flesh is heat resistant. (rF+)
                  | [potion of mutation]
113619 | Zig:12   | Lost mutation: You are resistant to hostile enchantments.
                  | (MR+) [potion of mutation]
113619 | Zig:12   | Lost mutation: Scrolls take you a little longer to read.
                  | [potion of mutation]
113619 | Zig:12   | Lost mutation: Your flesh is heat resistant. (rF+) [potion
                  | of mutation]
113619 | Zig:12   | Lost mutation: Your magical capacity is low. (-10% MP)
                  | [potion of mutation]
113619 | Zig:12   | Gained mutation: You have large cloven feet. [potion of
                  | mutation]
113619 | Zig:12   | Gained mutation: You expend magic power (3 MP) to
                  | strengthen your wands. [potion of mutation]
113620 | Zig:12   | Lost mutation: You can translocate small distances at will.
                  | [potion of mutation]
113620 | Zig:12   | Lost mutation: You are occasionally teleported next to
                  | monsters. [potion of mutation]
113620 | Zig:12   | Lost mutation: You have large cloven feet. [potion of
                  | mutation]
113620 | Zig:12   | Gained mutation: Your spells are a little easier to cast,
                  | but a little less powerful. [potion of mutation]
113620 | Zig:12   | Gained mutation: You are robust. (+10% HP) [potion of
                  | mutation]
113621 | Zig:12   | Lost mutation: You expend magic power (3 MP) to strengthen
                  | your wands. [potion of mutation]
113621 | Zig:12   | Lost mutation: Your spells are a little easier to cast, but
                  | a little less powerful. [potion of mutation]
113621 | Zig:12   | Gained mutation: Your system is resistant to poisons.
                  | (rPois) [potion of mutation]
113621 | Zig:12   | Gained mutation: You are covered in fur. (AC +1) [potion of
                  | mutation]
113621 | Zig:12   | Gained mutation: Your spells are a little harder to cast,
                  | but a little more powerful. [potion of mutation]
113621 | Zig:12   | Gained mutation: You can translocate small distances at
                  | will. [potion of mutation]
113635 | Zig:13   | Entered Level 13 of a ziggurat
113643 | Zig:13   | Noticed an ancient lich
113647 | Zig:13   | Killed an ancient lich
113702 | Zig:13   | Identified the +11 whip of Tension {pain, rC+ Int+3} (You
                  | found it on level 13 of a ziggurat)
113704 | Zig:13   | Identified the +1 pair of gloves of Apathy {rC- rN+ Int+7}
                  | (You found it on level 13 of a ziggurat)
113710 | Zig:14   | Entered Level 14 of a ziggurat
113725 | Zig:14   | Found the +0 staff of Battle
113799 | Zig:14   | Identified the cursed +0 chain mail of the Cockroach {+Inv
                  | rElec Regen+ Int-4} (You found it on level 14 of a
                  | ziggurat)
113808 | Zig:15   | Entered Level 15 of a ziggurat
113837 | Zig:15   | Found the +4 robe of Augmentation {Str+4 Int+4 Dex+4}
113853 | Zig:15   | Identified the Volume of Helpful Feathers
113872 | Zig:16   | Entered Level 16 of a ziggurat
113881 | Zig:16   | Noticed an ancient lich
113881 | Zig:16   | Noticed an ancient lich
113885 | Zig:16   | Killed an ancient lich
113885 | Zig:16   | Killed an ancient lich
113902 | Zig:16   | Identified the amulet of Equivalence {RegenMP Str+3} (You
                  | found it on level 16 of a ziggurat)
113927 | Zig:16   | Identified the ring "Soisyjeot" {rElec rF- rN+++ Str-5
                  | SInv} (You found it on level 16 of a ziggurat)
113954 | Zig:17   | Entered Level 17 of a ziggurat
113966 | Zig:17   | Noticed Laxzonk the pandemonium lord
113966 | Zig:17   | Noticed Dyekh the pandemonium lord
113966 | Zig:17   | Noticed Vutub the pandemonium lord
113966 | Zig:17   | Noticed Socw the pandemonium lord
113966 | Zig:17   | Noticed Upuez the pandemonium lord
113967 | Zig:17   | Noticed Fupn the pandemonium lord
113968 | Zig:17   | Killed Vutub the pandemonium lord
113969 | Zig:17   | Killed Socw the pandemonium lord
113969 | Zig:17   | Noticed Nur Ric the pandemonium lord
113970 | Zig:17   | Killed Laxzonk the pandemonium lord
113972 | Zig:17   | Killed Dyekh the pandemonium lord
113972 | Zig:17   | Killed Fupn the pandemonium lord
113972 | Zig:17   | Noticed Paqoz the pandemonium lord
113973 | Zig:17   | Killed Nur Ric the pandemonium lord
113973 | Zig:17   | Killed Upuez the pandemonium lord
113976 | Zig:17   | Killed Paqoz the pandemonium lord
113989 | Zig:17   | Identified Naipewk's Incunabulum of the Birds and Arcane
                  | Weapons
113993 | Zig:17   | Identified the Disquisition on Darkness
114001 | Zig:17   | Identified the cursed +2 flail of Ciugoff {freeze, Int+2
                  | Dex+4} (You found it on level 17 of a ziggurat)
114011 | Zig:17   | Identified the +4 leather armour "Deigam" {Harm rPois rF+
                  | rC+} (You found it on level 17 of a ziggurat)
114015 | Zig:18   | Entered Level 18 of a ziggurat
114057 | Zig:18   | Identified the cursed +0 robe of the Iron City of Dis
                  | {-Cast Str+3 Slay+3} (You found it on level 18 of a
                  | ziggurat)
114083 | Zig:19   | Entered Level 19 of a ziggurat
114102 | Zig:19   | Noticed a greater mummy
114103 | Zig:19   | Noticed a greater mummy
114103 | Zig:19   | Noticed a greater mummy
114105 | Zig:19   | Killed a greater mummy
114105 | Zig:19   | Killed a greater mummy
114105 | Zig:19   | Noticed a greater mummy
114109 | Zig:19   | Killed a greater mummy
114109 | Zig:19   | Noticed a greater mummy
114110 | Zig:19   | Killed a greater mummy
114114 | Zig:19   | Killed a greater mummy
114125 | Zig:19   | Identified the Volume of the Supportive Blaze
114127 | Zig:19   | Identified Foxa's Papyrus of Classification
114130 | Zig:19   | Identified the cursed +0 pair of boots of Life {rPois Int+3
                  | Stlth+} (You found it on level 19 of a ziggurat)
114133 | Zig:19   | Identified Maddub's Guide on Creative Flight
114177 | Zig:20   | Entered Level 20 of a ziggurat
114225 | Zig:20   | Identified the +6 buckler "Vaedghant" {+Fly rElec Int-2
                  | Dex+8}
114285 | Zig:20   | Identified the amulet "Hethrak" {Spirit Int+2 Dex+4} (You
                  | found it on level 20 of a ziggurat)
114296 | Zig:20   | Identified the ring "Heizep" {rElec rPois rF+ Stlth+} (You
                  | found it on level 20 of a ziggurat)
114302 | Zig:20   | Identified the Catalogue of Entrancing Toxins
114309 | Zig:21   | Entered Level 21 of a ziggurat
114324 | Zig:21   | Noticed Piash's ghost (master OgEE)
114326 | Zig:21   | Killed Piash's ghost
114327 | Zig:21   | Noticed MagicUser's ghost (legendary FoFi)
114334 | Zig:21   | Killed MagicUser's ghost
114337 | Zig:21   | Noticed Lonang's ghost (legendary DESu)
114339 | Zig:21   | Noticed Tion's ghost (legendary GrFi)
114340 | Zig:21   | Killed Lonang's ghost
114342 | Zig:21   | Killed Tion's ghost
114342 | Zig:21   | Noticed Woaleodu's ghost (legendary MiBe)
114344 | Zig:21   | Noticed Jataj's ghost (legendary GrFi)
114347 | Zig:21   | Noticed Hasart's ghost (legendary DsWz)
114349 | Zig:21   | Noticed Miebb's ghost (legendary FoFi)
114353 | Zig:21   | Killed Hasart's ghost
114354 | Zig:21   | Noticed Xoveah's ghost (master TeAs)
114354 | Zig:21   | Noticed Miebb's ghost (legendary FoFi)
114355 | Zig:21   | Killed Miebb's ghost
114358 | Zig:21   | Noticed Riogip's ghost (legendary DEFE)
114359 | Zig:21   | Noticed ZomBoFoB's ghost (legendary GnWn)
114361 | Zig:21   | Killed Riogip's ghost
114363 | Zig:21   | Killed Xoveah's ghost
114364 | Zig:21   | Killed Woaleodu's ghost
114372 | Zig:21   | Identified 2 scrolls of acquirement
114386 | Zig:22   | Entered Level 22 of a ziggurat
114618 | Zig:22   | Found the +6 shillelagh "Devastator" {shatter}
114639 | Zig:22   | Identified the Papyrus of Dark Attacks
114655 | Zig:22   | Identified the amulet "Rist" {Acrobat rC- rN+ Int+4} (You
                  | found it on level 22 of a ziggurat)
114657 | Zig:22   | Identified the cursed +0 ring mail of Ashenzari's Favour
                  | {Dex+2} (You found it on level 22 of a ziggurat)
114664 | Zig:22   | Identified the +4 scale mail of the Stone Wall {*Slow rElec
                  | rPois Str+9} (You found it on level 22 of a ziggurat)
114670 | Zig:22   | Identified the +7 long sword of Amilamyll {venom, rF++ MR-
                  | Str+6 Dex-3} (You found it on level 22 of a ziggurat)
114680 | Zig:22   | Got the ring "Lep Biga" {rPois rC+ rN+ Dex+3}
114708 | Zig:23   | Entered Level 23 of a ziggurat
114741 | Zig:23   | Identified the +10 broad axe of Eternal Harmony {vorpal,
                  | rPois} (You found it on level 23 of a ziggurat)
114743 | Zig:23   | Identified the ring of Jealousy {MP+9 Str+3 Stlth-} (You
                  | found it on level 23 of a ziggurat)
114754 | Zig:23   | Identified the ring of Brilliance {+Blink rF+ MP+9 Int+2}
                  | (You found it on level 23 of a ziggurat)
114759 | Zig:23   | Identified the +1 pair of gloves "Guphisk" {+Fly rElec rF+
                  | MR-} (You found it on level 23 of a ziggurat)
114784 | Zig:23   | Identified the ring "Deozxep" {rPois Str+2 Dex+6} (You
                  | found it on level 23 of a ziggurat)
114795 | Zig:23   | Reached skill level 15 in Dodging
114811 | Zig:24   | Entered Level 24 of a ziggurat
114830 | Zig:24   | Noticed Agiffiepse the pandemonium lord
114836 | Zig:24   | Killed Agiffiepse the pandemonium lord
114961 | Zig:24   | Identified the +3 scale mail of the Loofah {Dex+2} (You
                  | found it on level 24 of a ziggurat)
114963 | Zig:24   | Identified Theurgy for Rookies
114968 | Zig:24   | Identified the +1 robe of the Great Game {Regen+} (You
                  | found it on level 24 of a ziggurat)
114979 | Zig:24   | Identified the cursed +0 cloak of Isheg {rC++ Dex+5} (You
                  | found it on level 24 of a ziggurat)
114982 | Zig:25   | Entered Level 25 of a ziggurat
115029 | Zig:25   | Found the cursed +13 scythe of Curses {drain, *Curse}
115052 | Zig:25   | Identified the Guide on Sinister Arts and the Snowflakes
115058 | Zig:25   | Identified Kisisteev's Incunabulum of the Entrancing
                  | Arsonist
115071 | Zig:25   | Identified the +2 mace "Nuog" {vorpal, *Corrode rN+++
                  | Dex+5} (You found it on level 25 of a ziggurat)
115076 | Zig:25   | Identified the +2 robe of Catatonia {Harm Str+6 Stlth+}
                  | (You found it on level 25 of a ziggurat)
115175 | Zig:26   | Entered Level 26 of a ziggurat
115227 | Zig:26   | Noticed Onol the pandemonium lord
115231 | Zig:26   | Killed Onol the pandemonium lord
115373 | Zig:26   | Found the ring of the Octopus King
115376 | Zig:26   | Identified the cursed +0 executioner's axe "Ateoger" {pain,
                  | Int+4} (You found it on level 26 of a ziggurat)
115391 | Zig:26   | Identified the +1 pair of boots "Orom" {rCorr Int-3 SInv}
                  | (You found it on level 26 of a ziggurat)
115393 | Zig:26   | Identified the +1 scale mail "Udysm" {rPois rF+} (You found
                  | it on level 26 of a ziggurat)
115414 | Zig:26   | Got a ring of the Octopus King
115415 | Zig:26   | Identified a ring of the Octopus King {rN+ AC+1 EV+1 Str+1
                  | Int+1 Dex+1} (You found it on level 26 of a ziggurat)
115427 | Zig:27   | Entered Level 27 of a ziggurat
115433 | Zig:27   | Noticed a greater mummy
115433 | Zig:27   | Noticed a greater mummy
115434 | Zig:27   | Noticed a greater mummy
115436 | Zig:27   | Noticed a greater mummy
115437 | Zig:27   | Noticed a greater mummy
115438 | Zig:27   | Killed a greater mummy
115439 | Zig:27   | Killed a greater mummy
115440 | Zig:27   | Noticed a greater mummy
115441 | Zig:27   | Killed a greater mummy
115441 | Zig:27   | Killed a greater mummy
115442 | Zig:27   | Noticed a greater mummy
115443 | Zig:27   | Killed a greater mummy
115443 | Zig:27   | Killed a greater mummy
115446 | Zig:27   | Killed a greater mummy
115446 | Zig:27   | Noticed a greater mummy
115449 | Zig:27   | Noticed a greater mummy
115449 | Zig:27   | Killed a greater mummy
115454 | Zig:27   | Noticed a greater mummy
115457 | Zig:27   | Killed a greater mummy
115457 | Zig:27   | Killed a greater mummy
115478 | Zig:27   | Noticed a greater mummy
115482 | Zig:27   | Killed a greater mummy
115484 | Zig:27   | Noticed a greater mummy
115489 | Zig:27   | Killed a greater mummy
115572 | Zig:27   | Found the +7 captain's cutlass {speed, disarm}
115575 | Zig:27   | Identified the Tome of the Rocks and Dark Secrets
115578 | Zig:27   | Identified the +8 morningstar of the Spider Nest {elec,
                  | rN++ MR+ SInv Stlth+} (You found it on level 27 of a
                  | ziggurat)
115601 | Zig:27   | Identified the amulet "Mynkuev" {Inacc +Blink Str-2 SInv}
                  | (You found it on level 27 of a ziggurat)
115676 | Zig:1    | Entered Level 1 of a ziggurat
115697 | Zig:2    | Entered Level 2 of a ziggurat
115774 | Zig:3    | Entered Level 3 of a ziggurat
115797 | Zig:4    | Entered Level 4 of a ziggurat
115826 | Zig:5    | Entered Level 5 of a ziggurat
115834 | Zig:5    | Found the +7 pair of quick blades "Gyre" and "Gimble"
                  | {protect}
115848 | Zig:6    | Entered Level 6 of a ziggurat
115869 | Zig:6    | Identified the Almanac of Evil Changing
115930 | Zig:7    | Entered Level 7 of a ziggurat
115933 | Zig:7    | Noticed Ygot Runise the pandemonium lord
115937 | Zig:7    | Killed Ygot Runise the pandemonium lord
115939 | Zig:7    | Noticed Coggay the pandemonium lord
115942 | Zig:7    | Killed Coggay the pandemonium lord
115994 | Zig:8    | Entered Level 8 of a ziggurat
116024 | Zig:9    | Entered Level 9 of a ziggurat
116032 | Zig:9    | Found the ring of Shadows {Umbra +Inv Stlth+}
116032 | Zig:9    | Noticed Bitteide the pandemonium lord
116035 | Zig:9    | Killed Bitteide the pandemonium lord
116076 | Zig:9    | Identified the +7 hand axe of Butchery {vamp, *Contam rF++
                  | MP+9 Str+2} (You found it on level 9 of a ziggurat)
116091 | Zig:10   | Entered Level 10 of a ziggurat
116143 | Zig:11   | Entered Level 11 of a ziggurat
116153 | Zig:11   | Noticed Yplautobro the pandemonium lord
116156 | Zig:11   | Killed Yplautobro the pandemonium lord
116182 | Zig:11   | Identified the cursed +2 trident of Yskiuruamp {vorpal, rC+
                  | Str+2} (You found it on level 11 of a ziggurat)
116241 | Zig:12   | Entered Level 12 of a ziggurat
116301 | Zig:12   | Identified the +9 rapier "Bycweecw" {flame, *Slow rElec MR+
                  | Dex+6} (You found it on level 12 of a ziggurat)
116324 | Zig:13   | Entered Level 13 of a ziggurat
116328 | Zig:13   | Noticed a greater mummy
116331 | Zig:13   | Killed a greater mummy
116331 | Zig:13   | Reached skill level 27 in Conjurations
116334 | Zig:13   | Noticed a greater mummy
116335 | Zig:13   | Noticed a greater mummy
116337 | Zig:13   | Killed a greater mummy
116337 | Zig:13   | Killed a greater mummy
116350 | Zig:13   | Identified the +6 demon whip of the Lair of Beasts {drain,
                  | rF++ Str-3} (You found it on level 13 of a ziggurat)
116352 | Zig:13   | Identified the cursed ring "Teimomy" {EV-4 Dex+4} (You
                  | found it on level 13 of a ziggurat)
116377 | Zig:14   | Entered Level 14 of a ziggurat
116392 | Zig:14   | Found the +3 giant club "Skullcrusher" {speed, Str+7}
116437 | Zig:14   | Identified the +8 dagger "Putuim" {venom, rElec rF+++ rC-}
                  | (You found it on level 14 of a ziggurat)
116469 | Zig:15   | Entered Level 15 of a ziggurat
116475 | Zig:15   | Noticed a greater mummy
116475 | Zig:15   | Noticed a greater mummy
116475 | Zig:15   | Noticed a greater mummy
116476 | Zig:15   | Noticed a greater mummy
116477 | Zig:15   | Noticed a greater mummy
116479 | Zig:15   | Killed a greater mummy
116479 | Zig:15   | Killed a greater mummy
116479 | Zig:15   | Killed a greater mummy
116479 | Zig:15   | Killed a greater mummy
116480 | Zig:15   | Killed a greater mummy
116498 | Zig:15   | Identified the +12 trident "Kategh Voun" {vamp, *Drain
                  | rPois Str+2} (You found it on level 15 of a ziggurat)
116568 | Zig:15   | Reached skill level 10 in Fighting
116583 | Zig:16   | Entered Level 16 of a ziggurat
116614 | Zig:16   | Identified the +8 falchion "Worm's Wrath" {vorpal, rPois
                  | rF- Int+6 SInv} (You found it on level 16 of a ziggurat)
116637 | Zig:17   | Entered Level 17 of a ziggurat
116655 | Zig:17   | Reached skill level 10 in Air Magic
116704 | Zig:17   | Found the +0 pair of fencer's gloves {Riposte Dex+3}
116704 | Zig:17   | Got the +0 pair of fencer's gloves {Riposte Dex+3}
116764 | Zig:18   | Entered Level 18 of a ziggurat
116782 | Zig:18   | Found the +3 robe of Clouds {+Thunder rCloud rElec}
116782 | Zig:18   | Found the +12 glaive of Prune {vorpal}
116788 | Zig:18   | Identified the Grimoire of Protection and Beguiling
116792 | Zig:18   | Identified the ring "Ilebbegu" {MP+9 Str+3} (You found it
                  | on level 18 of a ziggurat)
116824 | Zig:18   | Identified the cursed ring of Broken Luck {Int-4 Dex+3}
                  | (You found it on level 18 of a ziggurat)
116826 | Zig:18   | Identified the +1 trident of Deformation {flame, rC++ rN+
                  | Int+4 Stlth-} (You found it on level 18 of a ziggurat)
116830 | Zig:19   | Entered Level 19 of a ziggurat
116845 | Zig:19   | Found the +4 moon troll leather armour {Spirit, Regen++
                  | MP+5}
116946 | Zig:20   | Entered Level 20 of a ziggurat
116953 | Zig:20   | Noticed Rogergh the pandemonium lord
116954 | Zig:20   | Noticed Nacusubb the pandemonium lord
116955 | Zig:20   | Killed Rogergh the pandemonium lord
116957 | Zig:20   | Noticed Heinepn the pandemonium lord
116958 | Zig:20   | Noticed Ygosuana the pandemonium lord
116958 | Zig:20   | Noticed Qoisoalu the pandemonium lord
116959 | Zig:20   | Noticed Voqinax the pandemonium lord
116960 | Zig:20   | Killed Nacusubb the pandemonium lord
116960 | Zig:20   | Noticed Caifum the pandemonium lord
116966 | Zig:20   | Killed Heinepn the pandemonium lord
116966 | Zig:20   | Killed Caifum the pandemonium lord
116966 | Zig:20   | Killed Qoisoalu the pandemonium lord
116966 | Zig:20   | Killed Ygosuana the pandemonium lord
116967 | Zig:20   | Killed Voqinax the pandemonium lord
116973 | Zig:20   | Noticed Hegarir the pandemonium lord
116974 | Zig:20   | Noticed Muall the pandemonium lord
116974 | Zig:20   | Noticed Puasuyv the pandemonium lord
116977 | Zig:20   | Killed Hegarir the pandemonium lord
116982 | Zig:20   | Killed Muall the pandemonium lord
116983 | Zig:20   | Killed Puasuyv the pandemonium lord
116983 | Zig:20   | Noticed Viziy the pandemonium lord
116991 | Zig:20   | Killed Viziy the pandemonium lord
116993 | Zig:20   | Noticed Sudyuttistra the pandemonium lord
117006 | Zig:20   | Killed Sudyuttistra the pandemonium lord
117173 | Zig:21   | Entered Level 21 of a ziggurat
117189 | Zig:21   | Noticed Yshel the pandemonium lord
117195 | Zig:21   | Killed Yshel the pandemonium lord
117325 | Zig:21   | Identified the +0 scimitar of Freehold {freeze, Int+5 SInv}
                  | (You found it on level 21 of a ziggurat)
117327 | Zig:21   | Identified the +2 scimitar of Oenomania {flame, rF+} (You
                  | found it on level 21 of a ziggurat)
117332 | Zig:21   | Identified the amulet "Jaro" {Acrobat +Fly} (You found it
                  | on level 21 of a ziggurat)
117345 | Zig:21   | Identified the Tome of Boosting Dark Rites
117348 | Zig:21   | Identified the Reference Book on Beguiling
117361 | Zig:21   | Identified the +4 dagger of Dithmenos {drain, rF++ MR++
                  | Str+3} (You found it on level 21 of a ziggurat)
117364 | Zig:21   | Identified the ring "Zierueh" {+Inv rElec Int+6 Dex+4} (You
                  | found it on level 21 of a ziggurat)
117384 | Zig:22   | Entered Level 22 of a ziggurat
117396 | Zig:22   | Noticed a juggernaut
117399 | Zig:22   | Killed a juggernaut
117454 | Zig:22   | Identified the +3 broad axe of Chaos {protect, +Fly} (You
                  | found it on level 22 of a ziggurat)
117457 | Zig:22   | Identified the +1 scale mail "Etuenk" {rF+} (You found it
                  | on level 22 of a ziggurat)
117460 | Zig:23   | Entered Level 23 of a ziggurat
117466 | Zig:23   | Paralysed by a floating eye for 4 turns
117476 | Zig:23   | Paralysed by a floating eye for 4 turns
117504 | Zig:23   | Reached skill level 15 in Air Magic
117515 | Zig:23   | Reached skill level 27 in Fire Magic
117524 | Zig:23   | Noticed Cupt the pandemonium lord
117527 | Zig:23   | Killed Cupt the pandemonium lord
117731 | Zig:23   | Identified the ring of the Screaming Traitor {*Tele rPois
                  | rC- MR++ Str+3} (You found it on level 23 of a ziggurat)
117739 | Zig:23   | Identified the cursed +1 long sword "Worm" {protect, rPois}
                  | (You found it on level 23 of a ziggurat)
117741 | Zig:23   | Identified the +4 scimitar of Bankruptcy {flame, rN++ MR++
                  | Int-4} (You found it on level 23 of a ziggurat)
117752 | Zig:23   | Got a masterwork war axe
117753 | Zig:23   | Identified the +5 war axe "Zogip" {flame, rC+ rN+} (You
                  | found it on level 23 of a ziggurat)
117770 | Zig:23   | Learned a level 9 spell: Tornado
117781 | Zig:24   | Entered Level 24 of a ziggurat
117793 | Zig:24   | Reached skill level 15 in Long Blades
117797 | Zig:24   | Reached skill level 5 in Charms
117855 | Zig:24   | Identified Weleig's Volume of the Arsonist and Calling
117861 | Zig:24   | Identified the ring "Hoadwon" {rPois Str+6 Int-5 Slay+5}
                  | (You found it on level 24 of a ziggurat)
117872 | Zig:24   | Reached skill level 15 in Fighting
117873 | Zig:24   | Reached skill level 10 in Evocations
117877 | Zig:24   | Reached skill level 27 in Spellcasting
117889 | Zig:25   | Entered Level 25 of a ziggurat
117902 | Zig:25   | Noticed Kaidog the pandemonium lord
117906 | Zig:25   | Killed Kaidog the pandemonium lord
118031 | Zig:25   | Identified Tieseluh's Reference Book on the Bewitching
                  | Birds
118078 | Zig:25   | Identified the ring "Maufim" {rElec rN+ Str+2 Int+2 Dex+2}
                  | (You found it on level 25 of a ziggurat)
118189 | Zig:26   | Entered Level 26 of a ziggurat
118224 | Zig:26   | Reached skill level 10 in Charms
118225 | Zig:26   | Reached skill level 15 in Invocations
118347 | Zig:26   | Identified the Reference Book on Fetching Dislocation
118371 | Zig:27   | Entered Level 27 of a ziggurat
118382 | Zig:27   | Noticed a juggernaut
118384 | Zig:27   | Killed a juggernaut
118406 | Zig:27   | Found the +7 mace of Variability {chain chaos}
118447 | Zig:27   | Identified the ring "Icleurphim" {Ice Int+4} (You found it
                  | on level 27 of a ziggurat)
118461 | Zig:27   | Got a slimy cloak
118472 | Zig:27   | Identified the +2 cloak "Neonguf" {rC+++ Int+8 Dex-3} (You
                  | found it on level 27 of a ziggurat)
118485 | Zig:27   | Identified the ring "Seagrak" {rF+ rN+ Dex+2} (You found it
                  | on level 27 of a ziggurat)
118487 | Zig:27   | Identified the ring of Free Will {rN+ MP+9 Int+2} (You
                  | found it on level 27 of a ziggurat)
118503 | Zig:27   | Identified the +1 pearl dragon scales of the Lizard {-Cast
                  | rElec rN+ Int+6 Dex-4} (You found it on level 27 of a
                  | ziggurat)
118505 | Zig:27   | Got a crystal falchion
118506 | Zig:27   | Identified the cursed +3 falchion of the Nine Bounties
                  | {vorpal, +Inv MR+ Str+2} (You found it on level 27 of a
                  | ziggurat)
118536 | Zig:1    | Entered Level 1 of a ziggurat
118552 | Zig:2    | Entered Level 2 of a ziggurat
118569 | Zig:3    | Entered Level 3 of a ziggurat
118608 | Zig:4    | Entered Level 4 of a ziggurat
118626 | Zig:4    | Identified the Volume of Boosting Changing
118646 | Zig:5    | Entered Level 5 of a ziggurat
118683 | Zig:5    | Identified the ring "Xilemi" {MP-9 Dex+7 SInv} (You found
                  | it on level 5 of a ziggurat)
118686 | Zig:6    | Entered Level 6 of a ziggurat
118702 | Zig:6    | Got a fine marble ring
118704 | Zig:6    | Identified Sif Muna's Reference Book on Ghastly Attacks
118712 | Zig:6    | Got an ancient copper ring
118715 | Zig:6    | Identified the ring "Tuggit" {Dex+4 Stlth+} (You found it
                  | on level 6 of a ziggurat)
118717 | Zig:6    | Identified the ring "Saososs" {*Tele rPois rF+++ rN+ Str-2}
                  | (You found it on level 6 of a ziggurat)
118733 | Zig:7    | Entered Level 7 of a ziggurat
118740 | Zig:7    | Reached skill level 15 in Evocations
118782 | Zig:8    | Entered Level 8 of a ziggurat
118792 | Zig:8    | Noticed Ungeetyrr the pandemonium lord
118794 | Zig:8    | Killed Ungeetyrr the pandemonium lord
118820 | Zig:8    | Found the +8 arc blade {discharge, rElec}
118820 | Zig:8    | Found the +3 crown of Dyrovepreva {rElec Int+2 SInv}
118828 | Zig:8    | Found the +3 Elemental Staff {rElec rF++ rC++ MR++ AC+5}
118828 | Zig:8    | Got the +3 Elemental Staff {rElec rF++ rC++ MR++ AC+5}
118865 | Zig:9    | Entered Level 9 of a ziggurat
118871 | Zig:9    | Noticed an ancient lich
118872 | Zig:9    | Noticed an ancient lich
118874 | Zig:9    | Killed an ancient lich
118877 | Zig:9    | Killed an ancient lich
118899 | Zig:9    | Found the ring of the Mage {Wiz MR++ Int+3}
118954 | Zig:9    | Got a warped granite ring
118956 | Zig:9    | Identified the ring of Koippuh {*Tele Stlth+} (You found it
                  | on level 9 of a ziggurat)
118969 | Zig:10   | Entered Level 10 of a ziggurat
119052 | Zig:11   | Entered Level 11 of a ziggurat
119089 | Zig:11   | Identified the Papyrus of Freezing Toxins
119114 | Zig:12   | Entered Level 12 of a ziggurat
119135 | Zig:12   | Reached skill level 1 in Staves
119236 | Zig:12   | Found the ring of the Octopus King
119249 | Zig:12   | Got a ring of the Octopus King
119298 | Zig:13   | Entered Level 13 of a ziggurat
119309 | Zig:13   | Noticed Cuizotim the pandemonium lord
119309 | Zig:13   | Noticed Botajoliege the pandemonium lord
119309 | Zig:13   | Noticed Tal Doum the pandemonium lord
119311 | Zig:13   | Killed Tal Doum the pandemonium lord
119311 | Zig:13   | Noticed Zeic the pandemonium lord
119312 | Zig:13   | Noticed Moif the pandemonium lord
119313 | Zig:13   | Killed Cuizotim the pandemonium lord
119313 | Zig:13   | Killed Botajoliege the pandemonium lord
119313 | Zig:13   | Killed Zeic the pandemonium lord
119315 | Zig:13   | Killed Moif the pandemonium lord
119316 | Zig:13   | Noticed Musk the pandemonium lord
119319 | Zig:13   | Noticed Nucvucli the pandemonium lord
119320 | Zig:13   | Killed Musk the pandemonium lord
119322 | Zig:13   | Killed Nucvucli the pandemonium lord
119420 | Zig:13   | Identified the amulet of Coeggis {MR+ Regen+ Int+3} (You
                  | found it on level 13 of a ziggurat)
119452 | Zig:13   | Learned a level 8 spell: Infestation
119467 | Zig:14   | Entered Level 14 of a ziggurat
119484 | Zig:14   | Reached skill level 15 in Charms
119514 | Zig:14   | Identified the Disquisition on Earthen Attacks
119518 | Zig:14   | Identified the ring of Doc Ysch {*Corrode +Inv rC+ Str+6}
                  | (You found it on level 14 of a ziggurat)
119557 | Zig:14   | Reached skill level 5 in Staves
119572 | Zig:14   | Found the +18 shield of the Gong {rElec rN+ MR+ EV-5}
119572 | Zig:14   | Got the +18 shield of the Gong {rElec rN+ MR+ EV-5}
119587 | Zig:15   | Entered Level 15 of a ziggurat
119621 | Zig:15   | Noticed Qaaxtiju the pandemonium lord
119623 | Zig:15   | Killed Qaaxtiju the pandemonium lord
119691 | Zig:15   | Identified the Guide on Poisoning
119696 | Zig:16   | Entered Level 16 of a ziggurat
119711 | Zig:16   | Noticed an ancient lich
119716 | Zig:16   | Noticed an ancient lich
119717 | Zig:16   | Noticed an ancient lich
119718 | Zig:16   | Killed an ancient lich
119718 | Zig:16   | Killed an ancient lich
119719 | Zig:16   | Killed an ancient lich
119721 | Zig:16   | Noticed an ancient lich
119726 | Zig:16   | Killed an ancient lich
119778 | Zig:16   | Identified the ring "Furhuune" {rCorr Int+3} (You found it
                  | on level 16 of a ziggurat)
119803 | Zig:17   | Entered Level 17 of a ziggurat
119818 | Zig:17   | Noticed an ancient lich
119819 | Zig:17   | Noticed an ancient lich
119819 | Zig:17   | Noticed an ancient lich
119820 | Zig:17   | Noticed an ancient lich
119821 | Zig:17   | Killed an ancient lich
119821 | Zig:17   | Killed an ancient lich
119822 | Zig:17   | Noticed an ancient lich
119823 | Zig:17   | Killed an ancient lich
119823 | Zig:17   | Killed an ancient lich
119825 | Zig:17   | Killed an ancient lich
119838 | Zig:17   | Identified the Volume of Creative Stones
119878 | Zig:17   | Identified the cursed +3 whip of Intimidation {freeze, MR+
                  | Stlth+} (You found it on level 17 of a ziggurat)
119881 | Zig:18   | Entered Level 18 of a ziggurat
119899 | Zig:18   | Reached skill level 10 in Staves
119911 | Zig:18   | Found the +6 arbalest "Damnation" {damnation}
119912 | Zig:18   | Found the +8 glaive of the Guard {elec, +Rage AC+5 SInv}
119913 | Zig:18   | Found the +8 storm bow {elec, penet}
119981 | Zig:19   | Entered Level 19 of a ziggurat
119988 | Zig:19   | Noticed a greater mummy
119992 | Zig:19   | Noticed a greater mummy
119993 | Zig:19   | Noticed a greater mummy
119994 | Zig:19   | Noticed a greater mummy
119994 | Zig:19   | Noticed a greater mummy
119995 | Zig:19   | Killed a greater mummy
119995 | Zig:19   | Killed a greater mummy
119995 | Zig:19   | Killed a greater mummy
119996 | Zig:19   | Killed a greater mummy
119996 | Zig:19   | Noticed a greater mummy
119997 | Zig:19   | Noticed a greater mummy
119999 | Zig:19   | Killed a greater mummy
119999 | Zig:19   | Killed a greater mummy
120002 | Zig:19   | Killed a greater mummy
120002 | Zig:19   | Noticed a greater mummy
120004 | Zig:19   | Noticed a greater mummy
120005 | Zig:19   | Killed a greater mummy
120005 | Zig:19   | Noticed a greater mummy
120007 | Zig:19   | Killed a greater mummy
120008 | Zig:19   | Noticed a greater mummy
120009 | Zig:19   | Noticed a greater mummy
120009 | Zig:19   | Noticed a greater mummy
120013 | Zig:19   | Killed a greater mummy
120013 | Zig:19   | Killed a greater mummy
120013 | Zig:19   | Killed a greater mummy
120013 | Zig:19   | Killed a greater mummy
120051 | Zig:19   | Identified the Reference Book on Cloudy Displacement
120067 | Zig:19   | Identified the Reference Book on Ashen Enchantment
120122 | Zig:20   | Entered Level 20 of a ziggurat
120127 | Zig:20   | Noticed an ancient lich
120133 | Zig:20   | Killed an ancient lich
120162 | Zig:20   | Found the brooch of Shielding {Spirit SH+8}
120224 | Zig:20   | Identified the amulet "Ficeraitt" {Acrobat Dex+3 Stlth+}
                  | (You found it on level 20 of a ziggurat)
120235 | Zig:20   | Identified the ring "Jicaried" {rN++ MP+9} (You found it on
                  | level 20 of a ziggurat)
120255 | Zig:21   | Entered Level 21 of a ziggurat
120284 | Zig:21   | Noticed Axexzaem the pandemonium lord
120289 | Zig:21   | Reached skill level 27 in Air Magic
120290 | Zig:21   | Killed Axexzaem the pandemonium lord
120291 | Zig:21   | Reached skill level 27 in Shields
120378 | Zig:21   | Identified the ring of Sekuzur {rF+ Int+3 Dex+4} (You found
                  | it on level 21 of a ziggurat)
120391 | Zig:22   | Entered Level 22 of a ziggurat
120476 | Zig:22   | Found the +5 demon whip "Spellbinder" {antimagic, MR+}
120483 | Zig:22   | Identified the +10 double sword "Ogreslayer" {vorpal,
                  | Dex+6} (You found it on level 22 of a ziggurat)
120486 | Zig:22   | Identified the Grimoire of Toxins
120501 | Zig:22   | Identified the ring of the Mackerel {rElec rN+++ MR- MP+9
                  | SInv} (You found it on level 22 of a ziggurat)
120552 | Zig:23   | Entered Level 23 of a ziggurat
120615 | Zig:23   | Identified Bulu's Guide on Blows and Bruises
120648 | Zig:23   | Identified the Papyrus of Enchantment and Air
120675 | Zig:24   | Entered Level 24 of a ziggurat
120751 | Zig:24   | Identified the Papyrus of Changing and the Escort
120760 | Zig:24   | Identified the ring "Qohiewn" {AC+4 Int+2} (You found it on
                  | level 24 of a ziggurat)
120771 | Zig:24   | Identified the amulet "Lilef" {Inacc Int+3 Dex+4} (You
                  | found it on level 24 of a ziggurat)
120784 | Zig:24   | Identified the amulet "Icseats" {Acrobat MR- Str+2 Int+2
                  | Dex+2} (You found it on level 24 of a ziggurat)
120786 | Zig:24   | Identified the +11 rapier "Xiyn" {drain, *Contam rF+ Str+3
                  | Int+2} (You found it on level 24 of a ziggurat)
120796 | Zig:25   | Entered Level 25 of a ziggurat
120851 | Zig:25   | Found the +2 cloak of the Thief {+Fog Slay-2 SInv Stlth+}
120903 | Zig:25   | Identified Sif Muna's Tome of the Hunter
120924 | Zig:25   | Identified the cursed +0 pair of boots of Marbles {*Slow
                  | rF++ MP+9 Str+3} (You found it on level 25 of a ziggurat)
120941 | Zig:25   | Identified the +1 pair of boots "Haumonow" {Slay+3} (You
                  | found it on level 25 of a ziggurat)
120966 | Zig:26   | Entered Level 26 of a ziggurat
121201 | Zig:26   | Identified the ring "Megoloeh" {MR+ Str+3 Slay+4} (You
                  | found it on level 26 of a ziggurat)
121222 | Zig:26   | Identified the ring "Nueff" {Str+3 Int+6} (You found it on
                  | level 26 of a ziggurat)
121233 | Zig:27   | Entered Level 27 of a ziggurat
121396 | Zig:27   | Noticed Qotevige the pandemonium lord
121402 | Zig:27   | Killed Qotevige the pandemonium lord
121465 | Zig:27   | Identified the ring of the Shimmering Enemy {*Tele rF+ MR+
                  | Str+3} (You found it on level 27 of a ziggurat)
121487 | Zig:27   | Identified the ring "Ugolyf" {rElec AC+4 Dex+5 Slay-3} (You
                  | found it on level 27 of a ziggurat)
121509 | Depths:2 | Upgraded the game from 0.26-a0-61-g6c07f0ee8d to
                  | 0.26-a0-64-g059e62fbdb
121512 | Zig:1    | Entered Level 1 of a ziggurat
121528 | Zig:2    | Entered Level 2 of a ziggurat
121557 | Zig:3    | Entered Level 3 of a ziggurat
121571 | Zig:4    | Entered Level 4 of a ziggurat
121610 | Zig:5    | Entered Level 5 of a ziggurat
121638 | Zig:6    | Entered Level 6 of a ziggurat
121673 | Zig:6    | Identified the Grimoire of Curses
121710 | Zig:7    | Entered Level 7 of a ziggurat
121722 | Zig:7    | Found the ring of the Octopus King
121746 | Zig:8    | Entered Level 8 of a ziggurat
121749 | Zig:8    | Noticed a juggernaut
121749 | Zig:8    | Noticed a juggernaut
121751 | Zig:8    | Killed a juggernaut
121753 | Zig:8    | Killed a juggernaut
121773 | Zig:8    | Identified the ring of Wiromuj {rC+ rN+ Str+8 Dex-3} (You
                  | found it on level 8 of a ziggurat)
121777 | Zig:8    | Identified the ring of Xaideh {+Blink +Inv rPois rC++ Int-5
                  | Stlth-} (You found it on level 8 of a ziggurat)
121781 | Zig:8    | Identified the ring "Zigi" {rC+ rCorr} (You found it on
                  | level 8 of a ziggurat)
121809 | Zig:9    | Entered Level 9 of a ziggurat
121827 | Zig:9    | Reached skill level 27 in Fighting
121848 | Zig:9    | Identified the Collected Works on the Mountains
121878 | Zig:10   | Entered Level 10 of a ziggurat
121898 | Zig:10   | Identified the ring "Lopnuqat" {MR+ SInv} (You found it on
                  | level 10 of a ziggurat)
121900 | Zig:10   | Identified the Catalogue of Calling
121929 | Zig:11   | Entered Level 11 of a ziggurat
121938 | Zig:11   | Reached skill level 27 in Dodging
121970 | Zig:11   | Identified the ring "Okkabish" {rPois Dex+4 Stlth-} (You
                  | found it on level 11 of a ziggurat)
121972 | Zig:11   | Identified the ring of Disaster {rC+ Int+6 SInv} (You found
                  | it on level 11 of a ziggurat)
121990 | Zig:12   | Entered Level 12 of a ziggurat
121999 | Zig:12   | Noticed an ancient lich
122003 | Zig:12   | Killed an ancient lich
122030 | Zig:12   | Identified Sif Muna's Compendium of Creative Malediction
122032 | Zig:12   | Identified the Almanac of Quantum Snow
122037 | Zig:12   | Identified the Collected Works on the Compass
122047 | Zig:13   | Entered Level 13 of a ziggurat
122221 | Zig:14   | Entered Level 14 of a ziggurat
122230 | Zig:14   | Noticed Wehat the pandemonium lord
122230 | Zig:14   | Noticed Abreidik the pandemonium lord
122230 | Zig:14   | Noticed Ixtopt the pandemonium lord
122230 | Zig:14   | Noticed Neloul the pandemonium lord
122230 | Zig:14   | Noticed Fyor the pandemonium lord
122231 | Zig:14   | Noticed Alatulyi the pandemonium lord
122231 | Zig:14   | Noticed Othapham the pandemonium lord
122232 | Zig:14   | Noticed Cutaiq the pandemonium lord
122232 | Zig:14   | Noticed Ceaz Seeq the pandemonium lord
122232 | Zig:14   | Noticed Caut the pandemonium lord
122232 | Zig:14   | Noticed Qolur the pandemonium lord
122233 | Zig:14   | Killed Wehat the pandemonium lord
122233 | Zig:14   | Killed Fyor the pandemonium lord
122233 | Zig:14   | Noticed Buet the pandemonium lord
122234 | Zig:14   | Killed Abreidik the pandemonium lord
122235 | Zig:14   | Killed Ixtopt the pandemonium lord
122236 | Zig:14   | Killed Cutaiq the pandemonium lord
122236 | Zig:14   | Noticed Zunlei the pandemonium lord
122237 | Zig:14   | Killed Alatulyi the pandemonium lord
122238 | Zig:14   | Killed Caut the pandemonium lord
122239 | Zig:14   | Killed Neloul the pandemonium lord
122240 | Zig:14   | Killed Buet the pandemonium lord
122240 | Zig:14   | Reached skill level 27 in Ice Magic
122240 | Zig:14   | Killed Ceaz Seeq the pandemonium lord
122242 | Zig:14   | Killed Qolur the pandemonium lord
122248 | Zig:14   | Killed Othapham the pandemonium lord
122253 | Zig:14   | Killed Zunlei the pandemonium lord
122294 | Zig:14   | Identified Katur's Disquisition on Shifting Augmentations
122321 | Zig:14   | Reached skill level 27 in Earth Magic
122332 | Zig:15   | Entered Level 15 of a ziggurat
122357 | Zig:15   | Found the +3 sling "Punk" {acid, rCorr}
122394 | Zig:15   | Identified the cursed +3 demon trident of Doubt {freeze,
                  | Str+5} (You found it on level 15 of a ziggurat)
122398 | Zig:16   | Entered Level 16 of a ziggurat
122405 | Zig:16   | Noticed a juggernaut
122409 | Zig:16   | Killed a juggernaut
122417 | Zig:16   | Found the ring of the Octopus King
122448 | Zig:16   | Identified Tumyaf's Grimoire of the Snowflakes and Calling
122548 | Zig:17   | Entered Level 17 of a ziggurat
122563 | Zig:17   | Reached skill level 27 in Invocations
122573 | Zig:17   | Found the +8 demon blade "Leech" {vamp, *Rage +Rage rN+}
122576 | Zig:17   | Found the +7 lajatang of Order {silver, rMut}
122639 | Zig:18   | Entered Level 18 of a ziggurat
122647 | Zig:18   | Noticed a juggernaut
122647 | Zig:18   | Noticed a juggernaut
122649 | Zig:18   | Noticed a juggernaut
122651 | Zig:18   | Killed a juggernaut
122652 | Zig:18   | Killed a juggernaut
122652 | Zig:18   | Killed a juggernaut
122678 | Zig:18   | Identified the Volume of Supportive Enchantment
122697 | Zig:19   | Entered Level 19 of a ziggurat
122811 | Zig:20   | Entered Level 20 of a ziggurat
122827 | Zig:20   | Reached skill level 27 in Armour
122830 | Zig:20   | Reached skill level 5 in Stealth
122890 | Zig:21   | Entered Level 21 of a ziggurat
122898 | Zig:21   | Noticed Zintafux the pandemonium lord
122908 | Zig:21   | Killed Zintafux the pandemonium lord
122914 | Zig:21   | Noticed Xoxajuo the pandemonium lord
122915 | Zig:21   | Noticed Ehickot the pandemonium lord
122917 | Zig:21   | Noticed Niamux the pandemonium lord
122920 | Zig:21   | Noticed Dollify the pandemonium lord
122921 | Zig:21   | Killed Ehickot the pandemonium lord
122921 | Zig:21   | Reached skill level 10 in Stealth
122921 | Zig:21   | Noticed Jocront the pandemonium lord
122922 | Zig:21   | Killed Niamux the pandemonium lord
122923 | Zig:21   | Killed Xoxajuo the pandemonium lord
122924 | Zig:21   | Killed Dollify the pandemonium lord
122924 | Zig:21   | Noticed Soonoat the pandemonium lord
122925 | Zig:21   | Killed Jocront the pandemonium lord
122928 | Zig:21   | Killed Soonoat the pandemonium lord
122929 | Zig:21   | Noticed Ytihol the pandemonium lord
122932 | Zig:21   | Noticed Sizuq the pandemonium lord
122934 | Zig:21   | Killed Ytihol the pandemonium lord
122935 | Zig:21   | Killed Sizuq the pandemonium lord
122937 | Zig:21   | Noticed Itoluesa the pandemonium lord
122940 | Zig:21   | Killed Itoluesa the pandemonium lord
122940 | Zig:21   | Noticed Von Ten the pandemonium lord
122941 | Zig:21   | Noticed Yneoq the pandemonium lord
122942 | Zig:21   | Killed Von Ten the pandemonium lord
122943 | Zig:21   | Noticed Paph the pandemonium lord
122944 | Zig:21   | Noticed Hyragu the pandemonium lord
122945 | Zig:21   | Noticed Seocs the pandemonium lord
122946 | Zig:21   | Killed Yneoq the pandemonium lord
122946 | Zig:21   | Noticed Aschulam the pandemonium lord
122947 | Zig:21   | Killed Paph the pandemonium lord
122947 | Zig:21   | Reached skill level 15 in Stealth
122948 | Zig:21   | Noticed Cajeq the pandemonium lord
122948 | Zig:21   | Killed Hyragu the pandemonium lord
122949 | Zig:21   | Noticed Uralop the pandemonium lord
122951 | Zig:21   | Noticed Ruetuum the pandemonium lord
122951 | Zig:21   | Noticed Reum the pandemonium lord
122952 | Zig:21   | Killed Cajeq the pandemonium lord
122954 | Zig:21   | Killed Seocs the pandemonium lord
122954 | Zig:21   | Killed Uralop the pandemonium lord
122956 | Zig:21   | Noticed Olufyf the pandemonium lord
122956 | Zig:21   | Noticed Jaarofau the pandemonium lord
122956 | Zig:21   | Noticed Xoceyr the pandemonium lord
122957 | Zig:21   | Noticed Konego the pandemonium lord
122957 | Zig:21   | Noticed Zaergh the pandemonium lord
122957 | Zig:21   | Noticed Ucehic the pandemonium lord
122958 | Zig:21   | Killed Ruetuum the pandemonium lord
122958 | Zig:21   | Killed Jaarofau the pandemonium lord
122958 | Zig:21   | Noticed Vyriot the pandemonium lord
122969 | Zig:21   | Killed Zaergh the pandemonium lord
122969 | Zig:21   | Killed Reum the pandemonium lord
122976 | Zig:21   | Noticed an ancient lich
122979 | Zig:21   | Noticed Isidofoi the pandemonium lord
122979 | Zig:21   | Killed Isidofoi the pandemonium lord
122980 | Zig:21   | Killed Vyriot the pandemonium lord
122980 | Zig:21   | Noticed Odargh the pandemonium lord
122985 | Zig:21   | Killed Ucehic the pandemonium lord
122986 | Zig:21   | Noticed Kusiapn the pandemonium lord
122990 | Zig:21   | Noticed Ubir Laullor the pandemonium lord
122991 | Zig:21   | Found the +9 staff of Olgreb {rPois∞}
122993 | Zig:21   | Killed Odargh the pandemonium lord
122995 | Zig:21   | Killed Aschulam the pandemonium lord
122996 | Zig:21   | Killed Kusiapn the pandemonium lord
122996 | Zig:21   | Killed Konego the pandemonium lord
122997 | Zig:21   | Killed Ubir Laullor the pandemonium lord
122998 | Zig:21   | Killed Xoceyr the pandemonium lord
123002 | Zig:21   | Noticed Siebim the pandemonium lord
123002 | Zig:21   | Killed Olufyf the pandemonium lord
123004 | Zig:21   | Killed Siebim the pandemonium lord
123051 | Zig:21   | Killed an ancient lich
123102 | Zig:22   | Entered Level 22 of a ziggurat
123112 | Zig:22   | Noticed Enkutu the pandemonium lord
123112 | Zig:22   | Noticed Laplell the pandemonium lord
123113 | Zig:22   | Killed Enkutu the pandemonium lord
123113 | Zig:22   | Noticed Faor the pandemonium lord
123113 | Zig:22   | Noticed Arerr the pandemonium lord
123114 | Zig:22   | Killed Laplell the pandemonium lord
123115 | Zig:22   | Noticed Iwahuab the pandemonium lord
123118 | Zig:22   | Killed Arerr the pandemonium lord
123121 | Zig:22   | Killed Iwahuab the pandemonium lord
123129 | Zig:22   | Killed Faor the pandemonium lord
123130 | Zig:22   | Noticed Iduer the pandemonium lord
123134 | Zig:22   | Killed Iduer the pandemonium lord
123144 | Zig:22   | Noticed Xaut the pandemonium lord
123146 | Zig:22   | Noticed Soatwy the pandemonium lord
123148 | Zig:22   | Killed Xaut the pandemonium lord
123150 | Zig:22   | Killed Soatwy the pandemonium lord
123151 | Zig:22   | Noticed Mythapna the pandemonium lord
123152 | Zig:22   | Noticed Wintozau the pandemonium lord
123154 | Zig:22   | Noticed Lysk the pandemonium lord
123155 | Zig:22   | Killed Mythapna the pandemonium lord
123155 | Zig:22   | Noticed Xoabyz the pandemonium lord
123157 | Zig:22   | Killed Wintozau the pandemonium lord
123158 | Zig:22   | Noticed Iroppog the pandemonium lord
123162 | Zig:22   | Noticed Beranaf the pandemonium lord
123162 | Zig:22   | Noticed Tiomofupn the pandemonium lord
123162 | Zig:22   | Noticed a juggernaut
123162 | Zig:22   | a Killer Klown changed into a juggernaut
123167 | Zig:22   | Killed a juggernaut
123168 | Zig:22   | Noticed Xaan the pandemonium lord
123169 | Zig:22   | Noticed Biguvaf the pandemonium lord
123170 | Zig:22   | Killed Xoabyz the pandemonium lord
123170 | Zig:22   | Killed Lysk the pandemonium lord
123171 | Zig:22   | Killed Tiomofupn the pandemonium lord
123172 | Zig:22   | Killed Beranaf the pandemonium lord
123172 | Zig:22   | Noticed Ykiomyn the pandemonium lord
123174 | Zig:22   | Killed Biguvaf the pandemonium lord
123175 | Zig:22   | Killed Xaan the pandemonium lord
123175 | Zig:22   | Noticed Atet the pandemonium lord
123176 | Zig:22   | Noticed Qaoskim the pandemonium lord
123177 | Zig:22   | Killed Iroppog the pandemonium lord
123177 | Zig:22   | Noticed Agelaf the pandemonium lord
123179 | Zig:22   | Killed Ykiomyn the pandemonium lord
123185 | Zig:22   | Noticed Qaes the pandemonium lord
123187 | Zig:22   | Killed Atet the pandemonium lord
123189 | Zig:22   | Killed Qaes the pandemonium lord
123191 | Zig:22   | Killed Qaoskim the pandemonium lord
123192 | Zig:22   | Killed Agelaf the pandemonium lord
123194 | Zig:22   | Noticed Romp the pandemonium lord
123196 | Zig:22   | Killed Romp the pandemonium lord
123196 | Zig:22   | Noticed Huphal the pandemonium lord
123201 | Zig:22   | Noticed Uckyxzo the pandemonium lord
123201 | Zig:22   | Noticed Fypnyg the pandemonium lord
123202 | Zig:22   | Killed Huphal the pandemonium lord
123203 | Zig:22   | Noticed Dunecol the pandemonium lord
123205 | Zig:22   | Killed Uckyxzo the pandemonium lord
123205 | Zig:22   | Killed Dunecol the pandemonium lord
123206 | Zig:22   | Killed Fypnyg the pandemonium lord
123206 | Zig:22   | Noticed Tadexoma the pandemonium lord
123209 | Zig:22   | Killed Tadexoma the pandemonium lord
123209 | Zig:22   | Noticed Weowa the pandemonium lord
123216 | Zig:22   | Killed Weowa the pandemonium lord
123216 | Zig:22   | Noticed Boes the pandemonium lord
123219 | Zig:22   | Killed Boes the pandemonium lord
123260 | Zig:22   | Identified the Compendium of Toxic Clay
123269 | Zig:22   | Identified the Almanac of Igneous Protection
123287 | Zig:22   | Identified Sif Muna's Handbook of the Cloudy Compass
123318 | Zig:23   | Entered Level 23 of a ziggurat
123345 | Zig:23   | Reached skill level 27 in Stealth
123345 | Zig:23   | Reached skill level 1 in Throwing
123407 | Zig:24   | Entered Level 24 of a ziggurat
123428 | Zig:24   | Reached skill level 5 in Throwing
123437 | Zig:24   | Reached skill level 10 in Throwing
123456 | Zig:24   | Identified the amulet "Yxkos" {Acrobat Stlth+} (You found
                  | it on level 24 of a ziggurat)
123485 | Zig:24   | Identified the Tome of Clay
123502 | Zig:25   | Entered Level 25 of a ziggurat
123535 | Zig:25   | Reached skill level 15 in Throwing
123626 | Zig:25   | Identified the amulet "Zivvyarph" {RegenMP rC+ Dex+4} (You
                  | found it on level 25 of a ziggurat)
123655 | Zig:25   | Identified the Collected Works on Toxic Conjuration
123669 | Zig:26   | Entered Level 26 of a ziggurat
123703 | Zig:26   | Found the +7 great mace "Undeadhunter" {disrupt, rN+}
123732 | Zig:26   | Identified Joesebre's Collected Works on the Glacier and
                  | Contamination
123765 | Zig:26   | Identified the ring of Jiod {rElec rF+ Str+6 SInv} (You
                  | found it on level 26 of a ziggurat)
123772 | Zig:27   | Entered Level 27 of a ziggurat
123849 | Zig:27   | Identified Kalleiv's Compendium of the Rocks
123866 | Zig:27   | Identified the amulet "Voipnux" {Acrobat +Blink +Inv rC+
                  | Dex+5 Stlth-} (You found it on level 27 of a ziggurat)
123876 | Zig:27   | Identified Cipatt's Catalogue of Doomed Confrontation
124216 | Zot:5    | Noticed an orb of fire
124220 | Zot:5    | Killed an orb of fire
124307 | Zot:5    | Noticed an orb of fire
124313 | Zot:5    | Noticed an ancient lich
124314 | Zot:5    | Killed an orb of fire
124316 | Zot:5    | Killed an ancient lich
124323 | Zot:5    | Noticed an ancient lich
124331 | Zot:5    | Killed an ancient lich
124403 | Zot:5    | Got the Orb of Zot
124555 | Zot:2    | Noticed Boris
124557 | Zot:2    | Killed Boris
124857 | D:14     | Noticed Wiejiw the pandemonium lord
124859 | D:14     | Killed Wiejiw the pandemonium lord
125166 | D:1      | Noticed Tuofoump the pandemonium lord
125167 | D:1      | Killed Tuofoump the pandemonium lord
125196 | D:$      | Escaped with the Orb!

Illustrated notes

Levels and vault maps discovered:
D:1:      lemuel_arrival_behind_the_door_large, layout_basic
D:2:      layout_basic, cheibriados_altar_1, tso_metal_star,
          serial_bayou_pond_e, minivault_24, elyvilon_altar_5
D:3:      layout_basic, fedhas_altar_4, gup_sewer_entry_glass,
          eino_tiny_chamber, minmay_quadrilaterals, uniq_crazy_yiuf_cottage,
          uniq_robin
D:4:      layout_cave_pools, lemuel_crystal_altar, minmay_temple_entry_slanted,
          nicolae_gozag_cash_rules_everything_around_me, uniq_menkaure
D:5:      layout_basic, kennysheep_mini_moat, first_ration, uniq_ijyb
D:6:      layout_basic, minmay_misc_feat_more_columns, patterned_corridor,
          uniq_prince_ribbit1
D:7:      layout_basic, old_standard_altar, kennysheep_little_box,
          okawaru_gym_becter
D:8:      layout_rooms
D:9:      dragon1_lemuel, layout_long_grid, lair_entry_dummy
D:10:     layout_stronghold, orc_0_dummy, grunt_ogre_cave, uniq_sonja
D:11:     layout_basic, serial_shops,
          nicolae_shop_temple_entry_statues_fountains, glass_columns_a
D:12:     layout_basic, nicolae_dithmenos_shadow_blocks, uniq_erolcha
D:13:     layout_small_grid, gauntlet_entry_generic
D:14:     layout_irregular_city, ximxim_vaults_locker_room, uniq_kirke
D:15:     grunt_enter_depths_giant_problem, layout_basic, nicolae_sextant,
          uniq_louise
Temple:   nicolae_temple_figure_eight
Lair:1:   layout_gridlike, portal_ice_cave_entry_pillars_2, serial_bayou_ford_a,
          grunt_megastairs_2
Lair:2:   layout_regular_city, spider_nest_entry_funnel_web,
          minmay_lair_oklob_items, lemuel_fruit_tree, grunt_megastairs_1,
          serial_bayou_shore_b
Lair:3:   mu_elephants_graveyard, layout_regular_city, serial_bayou_lagoon_a,
          grunt_megastairs_4
Lair:4:   layout_cave_pods, swamp_mist_pool, beast_lair_carwin_8,
          grunt_megastairs_3
Lair:5:   layout_roguey, nicolae_volcano_entry_s_turn
Lair:6:   hangedman_lair_caniforms_friends, layout_cave_shapes,
          hangedman_lair_tendril_chambers, dpeg_slime_entry_enclosed_altar
Swamp:1:  layout_basic_swamp, infiniplex_staircase_pool, uniq_jorgrun
Swamp:2:  layout_basic_swamp, serial_swamp_ruin, hangedman_swamp_ruin_wall,
          evilmike_swamp_ruin_house_4, evilmike_swamp_ruin_house_6, swamp_pool1,
          infiniplex_staircase_pool_2, uniq_nikola
Swamp:3:  layout_basic_swamp, evilmike_swamp_ruin_rubble_2, uniq_aizul
Swamp:4:  swamp, layout_basic_swamp
Spider:1: layout_spider_delve, drop_trap
Spider:2: layout_spider_delve, nicolae_spider_circle_web
Spider:3: layout_spider_delve, drop_trap, nicolae_spider_stair_cavern
Spider:4: spider_rune_water, uniq_agnes
Slime:1:  layout_caves
Slime:2:  layout_caves
Slime:3:  layout_caves
Slime:4:  layout_caves
Slime:5
Orc:1:    cheibrodos_orc_guarddog, layout_caves, serial_shops, shop,
          basic_altar, roderic_batcave, uniq_nergalle, uniq_snorg
Orc:2:    st_orc_pillars, layout_diamond_mine, serial_shops, shop_fountains,
          uniq_donald
Elf:1:    eino_elf_arrival_the_gate, layout_onion_city, minmay_elf_annihilation
Elf:2:    layout_geoelf_grid, portal_desolation_entry_holy_temple,
          hangedman_elf_simple_split
Elf:3:    minmay_elf_hall_quartered_circle, layout_geoelf_castle,
          nicolae_elf_v_pinch
Vaults:1: v_rooms_4, vaults_room_grid, vaults_room_fours,
          nicolae_vaults_rhombus_5, hangedman_vaults_hat,
          nicolae_vaults_circle_grid_b, grunt_vaults_funnel, vaults_dpeg_ring,
          nicolae_vaults_statue_guard, hangedman_vaults_trim,
          nicolae_vaults_what_the_h, layout_vaults_big_room
Vaults:2: vaults_standard_mumra_enter_the_diamond, vaults_room_boxed,
          nicolae_vaults_quartermaster, grunt_vaults_hallway_long,
          vaults_standard_mumra_x, nicolae_vaults_alarming,
          nicolae_vaults_windows_and_doors_thing, vaults_room_corners,
          layout_vaults_quadrants, dummy_crypt_entry, serial_shops, shop,
          nicolae_trove_entry_columns, uniq_frederick
Vaults:3: nicolae_vaults_puzzle_piece, v_misc_27, hangedman_vaults_variations,
          v_misc_17, vaults_mumra_hexcomb, v_misc_14, hangedman_vaults_corner,
          grunt_vaults_twisty, v_misc_14, ontoclasm_vaults_pinch,
          vaults_dpeg_cross, ontoclasm_vaults_twist, nicolae_vaults_asterisk,
          layout_vaults_omnicross, serial_shops, shop_statue, uniq_boris,
          uniq_bai_suzhen, uniq_asterion
Vaults:4: nicolae_vaults_little_squares_3, v_misc_30, grunt_vaults_diagonal,
          nicolae_vaults_network_s, nicolae_vaults_little_squares_3, v_rooms_2,
          hangedman_vaults_nodes, v_pattern_5, vaults_room_grid,
          nicolae_vaults_little_ls, v_misc_25, hangedman_vaults_snaps,
          layout_vaults_ring
Vaults:5
Crypt:1:  layout_gridlike, grunt_crypt_arrival_split
Crypt:2:  layout_gridlike, serial_glass, glass_columns_b, glass_columns_a
Crypt:3:  cryptofortress_bobbens
Tomb:1:   uniq_khufu
Tomb:2
Tomb:3
Depths:1: layout_cave_shapes, grunt_metal_band, pan_entry, serial_shops, shop,
          kennysheep_nondescript, minmay_misc_feat_hallway,
          kennysheep_crisscross, minmay_variable_closet, kennysheep_dice,
          uniq_sojobo
Depths:2: minmay_crescents, layout_cave_pools, enter_ziggurat_b,
          minmay_tree_intersection, hell_entry, pan_entry
Depths:3: minmay_the_grid_triangle_9x9_recursive_2_mashed
          [minmay_the_grid_triangle_9x9_prize_insulated,
          minmay_the_grid_triangle_9x9_odd_lines,
          minmay_the_grid_triangle_9x9_zippers_horizontal,
          minmay_the_grid_triangle_9x9_cache], layout_basic,
          grunt_pan_entry_in_and_out, serial_bayou_shore_a,
          pf_hell_entry_tar_river, minivault_11, kilobyte_rumbling_trees,
          serial_bayou_shore_b, infiniplex_staircase_squiggle, minmay_shop_grove
Depths:4: minmay_glassy_protrusions, layout_honeycomb,
          abyss_entry_small_statue_room, rand_demon_pan_entry_1,
          minmay_crystal_water, hell_entry, lightli_corner_chamber,
          uniq_margery, uniq_saint_roka
Depths:5: grunt_x_marks_the_spot, layout_gridlike, hellmouth_1, abyss_entry,
          pan_entry, nicolae_lava_and_water
Hell
Dis:1:    layout_regular_city, nicolae_dis_iron_filings
Dis:2:    layout_gridville
Dis:3:    layout_gridville
Dis:4:    layout_subdivisions
Dis:5:    layout_subdivisions
Dis:6:    layout_gridville
Dis:7:    iron_city_of_dis [dis_old, dis_wall_2], layout_chaotic_city
Geh:1:    layout_gehenna_lava_caves
Geh:2:    layout_gehenna_lava_caves
Geh:3:    layout_gehenna_lava_caves
Geh:4:    layout_gehenna_lava_caves
Geh:5:    layout_gehenna_pools_basic
Geh:6:    layout_gehenna_lava_caves
Geh:7:    geh_mu
Coc:1:    layout_ice_bergs
Coc:2:    layout_ice_bergs
Coc:3:    layout_ice_bergs
Coc:4:    layout_cocytus_water_paths
Coc:5:    layout_cocytus_water_paths
Coc:6:    layout_cocytus_water_paths
Coc:7:    coc_grunt
Tar:1:    layout_cathedral_of_symmetry
Tar:2:    layout_catacombs
Tar:3:    layout_cathedral_of_symmetry
Tar:4:    layout_grid_maze
Tar:5:    layout_cathedral_of_symmetry
Tar:6:    layout_cathedral_of_symmetry
Tar:7:    tar_minmay_river
Zot:1:    layout_basic, st_small_dragon_hoard_4
Zot:2:    layout_basic, st_single_dragon_hoard_4
Zot:3:    layout_cathedral_of_symmetry, gammafunk_ghost_cemetery, st_stairs_2
Zot:4:    layout_gridlike
Zot:5:    layout_onion

Skill      XL: |  1  2  3  4  5  6  7  8  9 10 11 12 13 14 15 16 17 18 19 20 21 22 23 24 25 26 27 |
---------------+----------------------------------------------------------------------------------+-----
Transmutations | 1 2 3 4 5 6 7 9 10 19 | 19.0
Dodging        | 2 3 4 5 6 7 8 9 27 | 27.0
Poison Magic   | 4 5 6 8 9 10 11 12 | 12.0
Air Magic      | 1 2 3 4 5 6 27 | 27.0
Spellcasting   | 3 4 5 6 7 8 9 10 12 13 14 15 16 17 27 | 27.0
Fire Magic     | 1 2 3 4 5 6 8 10 13 15 17 18 19 20 21 22 23 27 | 27.0
Shields        | 1 2 3 4 5 6 8 9 11 12 14 27 | 27.0
Conjurations   | 1 2 4 5 6 7 8 10 12 13 15 16 17 18 19 20 22 27 | 27.0
Invocations    | 1 4 6 9 27 | 27.0
Evocations     | 1 3 5 6 7 20 | 20.0
Armour         | 1 3 4 5 6 8 27 | 27.0
Charms         | 2 4 15 | 15.0
Fighting       | 5 7 27 | 27.0
Necromancy     | 5 21 | 21.0
Long Blades    | 15 | 15.0
Ice Magic      | 27 | 27.0
Translocations | 20 | 20.0
Earth Magic    | 27 | 27.0
Staves         | 11 | 11.9
Stealth        | 27 | 27.0
Throwing       | 25 | 25.9
Maces & Flails | |  0.6
Unarmed Combat | |  0.5

Action                   |  1- 3 |  4- 6 |  7- 9 | 10-12 | 13-15 | 16-18 | 19-21 | 22-24 | 25-27 || total
-------------------------+-------+-------+-------+-------+-------+-------+-------+-------+-------++-------
Melee: Short sword       |    11 |    95 |   250 |       |       |       |       |       |       ||   356
       Trident           |       |       |   160 |   263 |    14 |       |       |       |       ||   437
       Mace              |       |       |       |       |   120 |       |       |       |       ||   120
       Dagger            |       |       |       |       |   149 |    79 |       |       |       ||   228
       Falchion          |       |       |       |       |       |       |    73 |   248 |  2383 ||  2704
       Staff             |       |       |       |       |       |       |       |       |   248 ||   248
       Katana            |       |       |       |       |       |       |       |       |     5 ||     5
Throw: Dart              |       |       |       |       |     1 |       |       |       |       ||     1
 Cast: Sting             |    49 |   137 |   218 |    55 |   192 |    24 |     4 |     6 |     1 ||   686
       Poisonous Vapours |       |     9 |     7 |    14 |    17 |    18 |     2 |       |       ||    67
       Mephitic Cloud    |       |       |     9 |    21 |    19 |     3 |    16 |       |       ||    68
       Ignite Poison     |       |       |     5 |    51 |   114 |   129 |   100 |    30 |     1 ||   430
       Olgreb's Toxic Ra |       |       |     4 |    70 |   208 |   267 |   199 |    64 |     3 ||   815
       Airstrike         |       |       |       |       |   250 |   204 |   165 |   290 |   248 ||  1157
       Fireball          |       |       |       |       |    82 |    68 |   294 |   301 |   176 ||   921
       Irradiate         |       |       |       |       |       |    32 |     4 |    49 |    11 ||    96
       Swiftness         |       |       |       |       |       |     3 |     4 |     2 |     4 ||    13
       Ignition          |       |       |       |       |       |       |    35 |   113 |   542 ||   690
       Eringya's Noxious |       |       |       |       |       |       |     8 |    25 |     4 ||    37
       Fire Storm        |       |       |       |       |       |       |       |    32 |  1403 ||  1435
       Absolute Zero     |       |       |       |       |       |       |       |       |   681 ||   681
       Necromutation     |       |       |       |       |       |       |       |       |   433 ||   433
       Ozocubu's Refrige |       |       |       |       |       |       |       |       |   189 ||   189
       Shatter           |       |       |       |       |       |       |       |       |    66 ||    66
       Controlled Blink  |       |       |       |       |       |       |       |       |    18 ||    18
       Tornado           |       |       |       |       |       |       |       |       |     5 ||     5
       Infestation       |       |       |       |       |       |       |       |       |     1 ||     1
Invok: Forget Spell      |       |       |       |       |       |       |     1 |       |     4 ||     5
       Channel Magic     |       |       |       |       |       |       |       |       |   107 ||   107
 Abil: Blink             |       |       |       |     1 |       |       |       |       |       ||     1
       Stop Flying       |       |       |       |       |     1 |       |       |       |       ||     1
       Evoke Flight      |       |       |       |       |     1 |       |       |       |       ||     1
Evoke: Wand              |       |       |       |     6 |     4 |    22 |     2 |     1 |    34 ||    69
       Figurine of a zig |       |       |       |       |       |       |       |       |     3 ||     3
  Use: Potion            |       |     5 |       |       |     7 |       |       |    11 |    45 ||    68
       Scroll            |       |       |     1 |     8 |    14 |     7 |    17 |     6 |   166 ||   219
 Stab: Sleeping          |       |     2 |     6 |     1 |       |       |       |       |     1 ||    10
       Confused          |       |       |     1 |       |       |       |       |       |     1 ||     2
       Paralysed         |       |       |       |     9 |       |       |       |       |       ||     9
       Distracted        |       |       |       |     1 |     2 |       |     1 |     1 |     8 ||    13
  Eat: Chunk             |     3 |     9 |    17 |    23 |    35 |    19 |    42 |    46 |    85 ||   279
       Ration            |       |       |     2 |     2 |     7 |     4 |     4 |    18 |    66 ||   103
Armor: Robe              |    11 |    36 |   125 |       |       |       |       |       |       ||   172
       Troll leather arm |       |       |       |   121 |   171 |   141 |    64 |   159 |   985 ||  1641
       Ring mail         |       |       |       |       |       |       |       |       |    49 ||    49
Dodge: Dodged            |    29 |   144 |   317 |   280 |   506 |   291 |   193 |   366 |  2166 ||  4292
Block: Buckler           |       |    20 |   112 |   114 |   184 |   117 |    88 |       |       ||   635
       Kite shield       |       |       |       |       |       |       |    50 |   371 |  2115 ||  2536
       Reflection        |       |       |       |       |       |       |    12 |    31 |   179 ||   222
       Tower shield      |       |       |       |       |       |       |       |       |  1349 ||  1349
       Rpst.: Falchion   |       |       |       |       |       |       |    34 |    75 |   275 ||   384
       Staff             |       |       |       |       |       |       |       |       |    83 ||    83

Table legend:
 A = Non-vault XP
 B = Vault XP
 C = Vault XP percentage of total XP
 D = Non-vault monster count
 E = Vault monster count
 F = Vault count percentage of total count
                 A         B        C        D         E       F
            +---------+---------+-------+---------+---------+-------
      Total | 7215905 | 1784094 |  19.8 |    9626 |    1747 |  15.4
            +---------+---------+-------+---------+---------+-------
        D:1 |      30 |       0 |   0.0 |      12 |       0 |   0.0
        D:2 |      87 |      17 |  16.3 |      23 |       2 |   8.0
        D:3 |     452 |      79 |  14.9 |      28 |      22 |  44.0
        D:4 |     207 |     165 |  44.4 |      24 |       1 |   4.0
        D:5 |     259 |      36 |  12.2 |      14 |       1 |   6.7
        D:6 |     376 |     255 |  40.4 |       8 |       1 |  11.1
        D:7 |    1113 |       0 |   0.0 |      34 |       0 |   0.0
        D:8 |    1958 |       0 |   0.0 |      20 |       0 |   0.0
        D:9 |    2485 |     948 |  27.6 |      18 |       1 |   5.3
       D:10 |    2179 |    1648 |  43.1 |      29 |       2 |   6.5
       D:11 |    2953 |       0 |   0.0 |      40 |       0 |   0.0
       D:12 |    4188 |    1019 |  19.6 |      38 |       1 |   2.6
       D:13 |    8081 |       0 |   0.0 |      30 |       0 |   0.0
       D:14 |   10127 |    8240 |  44.9 |      45 |      16 |  26.2
       D:15 |    8244 |    3563 |  30.2 |      27 |       2 |   6.9
     Temple |       2 |       0 |   0.0 |       1 |       0 |   0.0
     Lair:1 |    2964 |    1462 |  33.0 |      14 |       3 |  17.6
     Lair:2 |    6311 |     967 |  13.3 |      24 |       3 |  11.1
     Lair:3 |    5061 |   10446 |  67.4 |       9 |      22 |  71.0
     Lair:4 |    1986 |    2380 |  54.5 |       9 |      10 |  52.6
     Lair:5 |    7712 |     403 |   5.0 |      32 |       1 |   3.0
     Lair:6 |   10826 |   20893 |  65.9 |      41 |      92 |  69.2
    Swamp:1 |    7828 |    2858 |  26.7 |      15 |       1 |   6.2
    Swamp:2 |   17619 |    4154 |  19.1 |      45 |       1 |   2.2
    Swamp:3 |   14501 |    2616 |  15.3 |      42 |       2 |   4.5
    Swamp:4 |   14762 |   16602 |  52.9 |      28 |      23 |  45.1
   Spider:1 |   18988 |       0 |   0.0 |      59 |       0 |   0.0
   Spider:2 |   15076 |       0 |   0.0 |      39 |       0 |   0.0
   Spider:3 |   11358 |       0 |   0.0 |      26 |       0 |   0.0
   Spider:4 |   17082 |   22867 |  57.2 |      37 |      45 |  54.9
    Slime:1 |   12402 |       0 |   0.0 |      13 |       0 |   0.0
    Slime:2 |    3494 |       0 |   0.0 |       7 |       0 |   0.0
    Slime:3 |   21681 |       0 |   0.0 |      41 |       0 |   0.0
    Slime:4 |   12148 |       0 |   0.0 |      27 |       0 |   0.0
    Slime:5 |   18112 |   34682 |  65.7 |      34 |      15 |  30.6
      Orc:1 |    6926 |    2819 |  28.9 |      67 |      15 |  18.3
      Orc:2 |    4219 |   13792 |  76.6 |      30 |      65 |  68.4
      Elf:1 |   15819 |    6276 |  28.4 |      26 |      10 |  27.8
      Elf:2 |   22934 |   27298 |  54.3 |      43 |      33 |  43.4
      Elf:3 |   23424 |   46427 |  66.5 |      41 |      30 |  42.3
   Vaults:1 |   22286 |   14532 |  39.5 |      34 |      36 |  51.4
   Vaults:2 |   26197 |   39860 |  60.3 |      47 |      67 |  58.8
   Vaults:3 |   24016 |   28316 |  54.1 |      42 |      27 |  39.1
   Vaults:4 |   21514 |   28492 |  57.0 |      36 |      44 |  55.0
   Vaults:5 |   35277 |  110674 |  75.8 |      51 |      82 |  61.7
    Crypt:1 |   43773 |       0 |   0.0 |      63 |       0 |   0.0
    Crypt:2 |   39245 |       0 |   0.0 |      48 |       0 |   0.0
    Crypt:3 |       0 |   61106 | 100.0 |       0 |      90 | 100.0
     Tomb:1 |    9242 |  172784 |  94.9 |      24 |      57 |  70.4
     Tomb:2 |    6162 |   64140 |  91.2 |      11 |      55 |  83.3
     Tomb:3 |   15245 |   86555 |  85.0 |      24 |      59 |  71.1
   Depths:1 |   19083 |   17039 |  47.2 |      29 |      13 |  31.0
   Depths:2 |   36419 |   28546 |  43.9 |      49 |      14 |  22.2
   Depths:3 |   67759 |   15954 |  19.1 |     104 |      18 |  14.8
   Depths:4 |   32794 |   25057 |  43.3 |      39 |      26 |  40.0
   Depths:5 |   43470 |   23275 |  34.9 |      45 |      20 |  30.8
       Hell |    9378 |   17221 |  64.7 |      21 |      36 |  63.2
      Dis:1 |    2467 |       0 |   0.0 |       5 |       0 |   0.0
      Dis:2 |   38312 |       0 |   0.0 |      66 |       0 |   0.0
      Dis:3 |    6526 |       0 |   0.0 |      14 |       0 |   0.0
      Dis:4 |   22942 |       0 |   0.0 |      30 |       0 |   0.0
      Dis:5 |    3833 |       0 |   0.0 |       7 |       0 |   0.0
      Dis:6 |    7863 |       0 |   0.0 |      15 |       0 |   0.0
      Dis:7 |   40539 |   88771 |  68.6 |      52 |      55 |  51.4
      Geh:1 |    1219 |       0 |   0.0 |       2 |       0 |   0.0
      Geh:2 |    3868 |       0 |   0.0 |       5 |       0 |   0.0
      Geh:3 |     364 |       0 |   0.0 |       1 |       0 |   0.0
      Geh:4 |     737 |       0 |   0.0 |       4 |       0 |   0.0
      Geh:5 |    3959 |       0 |   0.0 |      12 |       0 |   0.0
      Geh:6 |   10273 |       0 |   0.0 |      22 |       0 |   0.0
      Geh:7 |   67391 |   71421 |  51.5 |     124 |      41 |  24.8
      Coc:1 |   36302 |       0 |   0.0 |      96 |       0 |   0.0
      Coc:2 |   31681 |       0 |   0.0 |      45 |       0 |   0.0
      Coc:3 |   42756 |       0 |   0.0 |      26 |       0 |   0.0
      Coc:4 |   17598 |       0 |   0.0 |      42 |       0 |   0.0
      Coc:5 |   10710 |       0 |   0.0 |      22 |       0 |   0.0
      Coc:6 |   24163 |       0 |   0.0 |      23 |       0 |   0.0
      Coc:7 |   34672 |   63039 |  64.5 |      59 |      52 |  46.8
      Tar:1 |   32590 |       0 |   0.0 |      51 |       0 |   0.0
      Tar:3 |     912 |       0 |   0.0 |       7 |       0 |   0.0
      Tar:4 |   11068 |       0 |   0.0 |      11 |       0 |   0.0
      Tar:5 |   14631 |       0 |   0.0 |      36 |       0 |   0.0
      Tar:6 |   26545 |       0 |   0.0 |      22 |       0 |   0.0
      Tar:7 |   85569 |   90095 |  51.3 |     114 |      68 |  37.4
      Zot:1 |   54944 |   12492 |  18.5 |      37 |       6 |  14.0
      Zot:2 |   45227 |    4251 |   8.6 |      23 |       1 |   4.2
      Zot:3 |   59291 |    6299 |   9.6 |      27 |       2 |   6.9
      Zot:4 |   35435 |       0 |   0.0 |      22 |       0 |   0.0
      Zot:5 |    2174 |   56494 |  96.3 |       4 |      44 |  91.7
    Abyss:1 |  117302 |    2210 |   1.8 |     243 |       6 |   2.4
    Abyss:2 |    9977 |       0 |   0.0 |      19 |       0 |   0.0
    Abyss:3 |   11213 |    8751 |  43.8 |      21 |      20 |  48.8
        Pan |  578854 |  351764 |  37.8 |     679 |     238 |  26.0
      Zig:1 |   10930 |       0 |   0.0 |      14 |       0 |   0.0
      Zig:2 |   21293 |       0 |   0.0 |      24 |       0 |   0.0
      Zig:3 |   28635 |       0 |   0.0 |      43 |       0 |   0.0
      Zig:4 |   51219 |       0 |   0.0 |      42 |       0 |   0.0
      Zig:5 |   47580 |       0 |   0.0 |      67 |       0 |   0.0
      Zig:6 |   67274 |       0 |   0.0 |      64 |       0 |   0.0
      Zig:7 |   89537 |       0 |   0.0 |      81 |       0 |   0.0
      Zig:8 |  106785 |       0 |   0.0 |     107 |       0 |   0.0
      Zig:9 |  130490 |    7199 |   5.2 |      94 |       8 |   7.8
     Zig:10 |  100654 |       0 |   0.0 |     136 |       0 |   0.0
     Zig:11 |  177457 |       0 |   0.0 |     134 |       0 |   0.0
     Zig:12 |  176716 |    2715 |   1.5 |     160 |       4 |   2.4
     Zig:13 |  252822 |    1501 |   0.6 |     167 |       4 |   2.3
     Zig:14 |  111862 |       0 |   0.0 |     179 |       0 |   0.0
     Zig:15 |  153882 |       0 |   0.0 |     253 |       0 |   0.0
     Zig:16 |  193198 |       0 |   0.0 |     251 |       0 |   0.0
     Zig:17 |  256257 |       0 |   0.0 |     245 |       0 |   0.0
     Zig:18 |  218182 |    2532 |   1.1 |     271 |       4 |   1.5
     Zig:19 |  229096 |       0 |   0.0 |     387 |       0 |   0.0
     Zig:20 |  287426 |   13758 |   4.6 |     285 |       4 |   1.4
     Zig:21 |  350321 |       0 |   0.0 |     268 |       4 |   1.5
     Zig:22 |  202487 |    2636 |   1.3 |     387 |       4 |   1.0
     Zig:23 |  301740 |    2227 |   0.7 |     394 |       4 |   1.0
     Zig:24 |  286640 |       0 |   0.0 |     387 |       0 |   0.0
     Zig:25 |  298996 |       0 |   0.0 |     442 |       0 |   0.0
     Zig:26 |  378537 |    2566 |   0.7 |     413 |       4 |   1.0
     Zig:27 |  404148 |       0 |   0.0 |     536 |       0 |   0.0
      Sewer |       0 |      60 | 100.0 |       0 |      23 | 100.0
      IceCv |       0 |   14018 | 100.0 |       0 |      53 | 100.0
    Volcano |       0 |    3830 | 100.0 |       0 |      14 | 100.0
 Desolation |       0 |    3360 | 100.0 |       0 |       8 | 100.0
   Gauntlet |       0 |    5642 | 100.0 |       0 |      12 | 100.0
            +---------+---------+-------+---------+---------+-------
